 Dungeon Crawl Stone Soup version 0.30-a0-365-ge7f957f1db (webtiles) character file.

Game seed: 4664615595875205019

768877 ytrimaz the Victor of a Thousand Battles (level 27, -6/249 HPs)
             Began as a Formicid Fighter on Nov 15, 2022.
             Was the Champion of Okawaru.
             Killed from afar by a hellion (19 damage)
             ... with damnation
             ... on level 7 of Gehenna on Nov 17, 2022.
             The game lasted 02:26:21 (80208 turns).

ytrimaz the Victor of a Thousand Battles (FoFi)    Turns: 80208, Time: 02:26:22

Health: -6/249     AC: 45    Str: 46      XL:     27
Magic:  0/40       EV: 20    Int: 17      God:    Okawaru [******]
Gold:   98         SH: 41    Dex: 15 (17) Spells: 26/26 levels left

rFire   + + .      SeeInvis +    w - +7 battleaxe of Wyrd {speed, rElec Str+4 Int+3}
rCold   + + .      Faith    .    b - +8 tower shield {AC+3}
rNeg    + + +      Spirit   +    T - +13 chain mail of Courage {rN++}
rPois   +          Reflect  .    (helmet unavailable)
rElec   +          Harm     .    x - +1 cloak of Ginuirrem {Int+3}
rCorr   .          Rampage  .    Z - +1 pair of gloves of Loss {Str+4 Slay+2 Stlth+}
Will    ++...                    z - +1 pair of boots of Xovvo {Contam Str+4 Int+3 Dex+2 Slay+5}
Stlth   ..........               n - brooch of Shielding {Spirit SH+8}
HPRegen 0.61/turn                M - ring of Roosuixtu {Contam rPois rF+ rC+ rN+}
MPRegen 0.27/turn                c - ring "Garug" {rF+ rC+ Str+3 Slay+4}

@: weakened, studying Air Magic, unable to read
A: permanent stasis, dig shafts and tunnels, antennae 3, four strong arms,
iridescent scales 1, dopey 1
}: 6/15 runes: decaying, serpentine, slimy, silver, bone, abyssal
a: Dig, Shaft Self, Renounce Religion, Heroism, Finesse, Duel


You were on level 7 of Gehenna.
You worshipped Okawaru.
Okawaru was exalted by your worship.
You visited 14 branches of the dungeon, and saw 63 of its levels.
You visited the Abyss 4 times.
You visited 2 bazaars.
You visited 1 ziggurat, and saw 15 of its levels.
You also visited: Volcano.

You collected 9612 gold pieces.
You spent 9514 gold pieces at shops.


Innate Abilities, Weirdness & Mutations

You cannot be hasted, slowed, berserked, paralysed or teleported.
You can dig through walls and to a lower floor.
You have a pair of large antennae on your head. (SInv)
Your four strong arms can wield two-handed weapons with a shield.
You are partially covered in iridescent scales. (AC +2)
You are dopey. (Int -2)


   Skills:
 O Level 27 Fighting
 - Level 26.9(27) Axes
 - Level 0.1(18.0) Maces & Flails
 - Level 1.7 Staves
 O Level 27 Armour
 - Level 18.1 Dodging
 O Level 27 Shields
 O Level 27 Invocations
 + Level 10.0 Evocations


You had 26 spell levels left.
You didn't know any spells.
Your spell library contained the following spells:

 Spells                   Type           Power      Damage    Failure   Level
 Apportation              Tloc           0%         N/A       36%         1
 Beastly Appendage        Tmut           0%         N/A       36%         1
 Freeze                   Ice            0%         1d3       36%         1
 Kiss of Death            Conj/Necr      0%         2d5       36%         1
 Necrotise                Necr           0%         1d4       36%         1
 Sandblast                Erth           0%         2d4       36%         1
 Shock                    Conj/Air       0%         1d3       36%         1
 Slow                     Hex            0%         N/A       36%         1
 Sting                    Tmut/Pois      0%         1d3       36%         1
 Cigotuvi's Dreadful Rot  Necr/Pois/Air  0%         N/A       50%         2
 Ensorcelled Hibernation  Hex/Ice        0%         N/A       50%         2
 Momentum Strike          Conj/Tloc      0%         3d8       50%         2
 Passwall                 Tmut/Erth      0%         N/A       50%         2
 Poisonous Vapours        Pois/Air       0%         N/A       50%         2
 Scorch                   Fire           0%         2d5       50%         2
 Wereblood                Tmut           0%         N/A       50%         2
 Confusing Touch          Hex            0%         N/A       73%         3
 Dazzling Flash           Conj/Hex       0%         N/A       73%         3
 Hailstorm                Conj/Ice       0%         3d3       73%         3
 Inner Flame              Hex/Fire       0%         N/A       73%         3
 Lesser Beckoning         Tloc           0%         N/A       73%         3
 Ozocubu's Armour         Ice            0%         N/A       73%         3
 Spider Form              Tmut/Pois      0%         N/A       73%         3
 Stone Arrow              Conj/Erth      0%         3d7       73%         3
 Vampiric Draining        Necr           0%         2d6       73%         3
 Airstrike                Air            0%         2d(0-16)  98%         4
 Anguish                  Hex/Necr       0%         N/A       98%         4
 Cause Fear               Hex            0%         N/A       98%         4
 Dispel Undead            Necr           0%         3d6       98%         4
 Flame Wave               Conj/Fire      0%         2d4       98%         4
 Fulminant Prism          Conj/Hex       0%         3d5       98%         4
 Ice Form                 Ice/Tmut       0%         N/A       98%         4
 Iskenderun's Mystic Bla  Conj/Tloc      0%         2d3       98%         4
 Leda's Liquefaction      Hex/Erth       0%         N/A       98%         4
 Manifold Assault         Tloc           0%         N/A       98%         4
 Olgreb's Toxic Radiance  Pois           0%         N/A       98%         4
 Passage of Golubria      Tloc           0%         N/A       98%         4
 Petrify                  Tmut/Erth      0%         N/A       98%         4
 Sticky Flame             Conj/Fire      0%         2d3       98%         4
 Agony                    Necr           0%         N/A       100%        5
 Alistair's Intoxication  Tmut/Pois      0%         N/A       100%        5
 Borgnjor's Vile Clutch   Necr/Erth      0%         N/A       100%        5
 Fireball                 Conj/Fire      0%         3d3       100%        5
 Irradiate                Conj/Tmut      0%         3d11      100%        5
 Iskenderun's Battlesphe  Conj           0%         2d6       100%        5
 Lee's Rapid Deconstruct  Erth           0%         3d4*      100%        5
 Lightning Bolt           Conj/Air       0%         1d11      100%        5
 Metabolic Englaciation   Hex/Ice        0%         N/A       100%        5
 Silence                  Hex/Air        0%         N/A       100%        5
 Yara's Violent Unravell  Hex/Tmut       0%         3d3       100%        5
 Conjure Ball Lightning   Conj/Air       0%         3x3d7     100%        6
 Dispersal                Tloc           0%         N/A       100%        6
 Eringya's Noxious Bog    Tmut/Pois      0%         N/A       100%        6
 Iron Shot                Conj/Erth      0%         9d1       100%        6
 Starburst                Conj/Fire      0%         6d3       100%        6
 Statue Form              Tmut/Erth      0%         N/A       100%        6
 Dragon Form              Tmut           0%         N/A       100%        7
 Enfeeble                 Hex            0%         N/A       100%        7
 Orb of Destruction       Conj           0%         9d5       100%        7
 Ozocubu's Refrigeration  Ice            0%         4d7       100%        7
 Storm Form               Tmut/Air       0%         N/A       100%        7
 Borgnjor's Revivificati  Necr           0%         N/A       100%        8
 Discord                  Hex            0%         N/A       100%        8
 Disjunction              Tloc           0%         N/A       100%        8
 Ignition                 Fire           0%         3d3       100%        8
 Lehudib's Crystal Spear  Conj/Erth      0%         10d2      100%        8
 Necromutation            Tmut/Necr      0%         N/A       100%        8
 Death's Door             Necr           0%         N/A       100%        9
 Fire Storm               Conj/Fire      0%         5d1       100%        9
 Summon Small Mammal      Summ           Unusable   N/A       N/A         1
 Blink                    Tloc           Unusable   N/A       N/A         2
 Swiftness                Air            Unusable   N/A       N/A         3
 Tukima's Dance           Hex            Unusable   N/A       N/A         3
 Summon Ice Beast         Ice/Summ       Unusable   N/A       N/A         4
 Summon Lightning Spire   Summ/Air       Unusable   N/A       N/A         4
 Death Channel            Necr           Unusable   N/A       N/A         6
 Simulacrum               Ice/Necr       Unusable   N/A       N/A         6
 Summon Cactus Giant      Summ           Unusable   N/A       N/A         6
 Spellforged Servitor     Conj/Summ      Unusable   N/A       N/A         7

Inventory:

Hand Weapons
 e - a +2 vorpal executioner's axe
   (You took it off Zenata on level 3 of the Vaults)
 p - the +5 broad axe of the Hawk {flame, rF+}
   (Okawaru gifted it to you on level 1 of the Swamp)

   It burns those it strikes, dealing additional fire damage.
   Big, fiery blades are also staple armaments of hydra-hunters.
   rF:        It protects you from fire.
 w - the +7 battleaxe of Wyrd (weapon) {speed, rElec Str+4 Int+3}
   (You found it on level 8 of a ziggurat)

   Attacks with this weapon are significantly faster.
   Str:       It affects your strength (+4).
   Int:       It affects your intelligence (+3).
   rElec:     It insulates you from electricity.
 Y - a +1 vampiric executioner's axe
   (Okawaru gifted it to you on level 4 of the Snake Pit)
Armour
 b - a +8 tower shield of protection (worn)
   (You acquired it on level 3 of the Dungeon)
 x - the +1 cloak of Ginuirrem (worn) {Int+3}
   (You found it on level 6 of the Dungeon)

   Int:       It affects your intelligence (+3).
 z - the +1 pair of boots of Xovvo (worn) {Contam Str+4 Int+3 Dex+2 Slay+5}
   (Okawaru gifted it to you on level 2 of the Elven Halls)

   Str:       It affects your strength (+4).
   Int:       It affects your intelligence (+3).
   Dex:       It affects your dexterity (+2).
   Slay:      It affects your accuracy & damage with ranged weapons and melee
   (+5).
   Contam:    It causes magical contamination when unequipped.
 N - the +18 shield of the Gong {rElec rN+ Will+ EV-5}
   (You bought it in a shop on level 5 of the Dungeon)

   It is deafeningly noisy when blocking attacks.
   EV:        It affects your evasion (-5).
   rElec:     It insulates you from electricity.
   rN:        It protects you from negative energy.
   Will:      It increases your willpower.
 T - the +13 chain mail of Courage (worn) {rN++}
   (You found it on level 3 of the Vaults)

   rN:        It greatly protects you from negative energy.
 Z - the +1 pair of gloves of Loss (worn) {Str+4 Slay+2 Stlth+}
   (You found it on level 3 of the Vaults)

   Str:       It affects your strength (+4).
   Slay:      It affects your accuracy & damage with ranged weapons and melee
   (+2).
   Stlth:     It makes you more stealthy.
Jewellery
 c - the ring "Garug" (right hand) {rF+ rC+ Str+3 Slay+4}
   (You found it on level 4 of the Depths)

   [ring of slaying]

   Str:       It affects your strength (+3).
   Slay:      It affects your accuracy & damage with ranged weapons and melee
   (+4).
   rF:        It protects you from fire.
   rC:        It protects you from cold.
 h - a ring of flight
   (You found it on level 5 of a ziggurat)
 i - a ring of resist corrosion
   (You found it on level 1 of the Lair of Beasts)
 j - the amulet of Ceoj {Spirit *Slow rC+++ Slay+3 Stlth+}
   (You found it on level 1 of the Snake Pit)

   [amulet of guardian spirit]

   It causes incoming damage to be divided between your reserves of health and
   magic.
   Slay:      It affects your accuracy & damage with ranged weapons and melee
   (+3).
   rC:        It renders you almost immune to cold.
   *Slow:     It may slow you when you take damage.
   Stlth:     It makes you more stealthy.
 n - the brooch of Shielding (around neck) {Spirit SH+8}
   (You bought it in a shop on level 2 of the Elven Halls)

   [amulet of guardian spirit]

   It causes incoming damage to be divided between your reserves of health and
   magic.
   SH:        It affects your SH (+8).
 M - the ring of Roosuixtu (left hand) {Contam rPois rF+ rC+ rN+}
   (You bought it in a shop on level 5 of the Vaults)

   [ring of positive energy]

   rF:        It protects you from fire.
   rC:        It protects you from cold.
   rPois:     It protects you from poison.
   rN:        It protects you from negative energy.
   Contam:    It causes magical contamination when unequipped.
Wands
 l - a wand of flame (103)
   (You found it on level 2 of the Dungeon)
 m - a wand of polymorph (33)
   (You found it on level 3 of the Dungeon)
 F - a wand of paralysis (30) (quivered)
   (You found it on level 12 of the Dungeon)
 K - a wand of quicksilver (19)
   (You found it on level 2 of the Lair of Beasts)
 O - a wand of iceblast (41)
   (You found it on level 13 of the Dungeon)
 Q - a wand of mindburst (7)
   (You found it on level 2 of the Elven Halls)
Scrolls
 o - 17 scrolls of vulnerability
 r - 15 scrolls of fog
 t - a scroll of amnesia
 A - 11 scrolls of magic mapping
 B - 8 scrolls of fear
 C - 6 scrolls of silence
 D - 3 scrolls of enchant armour
 E - 8 scrolls of enchant weapon
 I - 7 scrolls of immolation
 P - a scroll of brand weapon
 U - 11 scrolls of poison
Potions
 a - 6 potions of heal wounds
 d - a potion of might
 f - 9 potions of attraction
 g - 2 potions of curing
 k - 7 potions of magic
 u - 9 potions of brilliance
 G - 7 potions of lignification
 H - 10 potions of flight
 L - 4 potions of mutation
 R - 6 potions of cancellation
 S - 2 potions of invisibility

Dungeon Overview and Level Annotations

Branches:
Dungeon (15/15) Zot: 24397  Temple (1/1) D:5 Zot: 5754    Lair (5/5) D:10 Zot: 22357
  Swamp (4/4) Lair:2 Zot: 19308   Snake (4/4) Lair:2 Zot: 16767   Slime (5/5) Lair:5 Zot: 25179
    Orc (2/2) D:12 Zot: 8773     Elf (3/3) Orc:2 Zot: 13479  Vaults (5/5) D:14 Zot: 21644
  Crypt (1/3) Vaults:2 Zot: 5998  Depths (4/4) D:15 Zot: 16438    Hell (visited)
    Dis (0/7) Hell            Geh (7/7) Hell Zot: 26479     Coc (0/7) Hell
    Tar (7/7) Hell Zot: 26479     Zot (0/5) Depths:4    Volcano (visited)

Altars:
Ashenzari
Cheibriados
Dithmenos
Elyvilon
Fedhas
Gozag
Hepliaklqana
Kikubaaqudgha
Makhleb
Nemelex Xobeh
Okawaru
Qazlal
Ru
Sif Muna
Trog
Uskayaw
Vehumet
Wu Jian
Xom
Yredelemnul
Zin
The Shining One

Shops:
D:1 (   D:3 (   D:5 (*!=[   D:11 !   D:15 ==   Orc:2 :=:!(([*!   Elf:1 ?
Elf:2 =   Snake:3 ?[((   Snake:4 *   Vaults:3 ?   Vaults:5 =*!(   Depths:1 :
Depths:3 *

Portals:
Hell: Depths:1 Depths:2 Depths:3 Depths:4
Abyss: Depths:1 Depths:3 Depths:4
Pandemonium: Depths:2

Annotations:
D:8 5 transporters
D:10 exclusion: ice statue
Snake:3 1 runed translucent door, exclusion: door

.##{ ##.....≈§§§≈§≈≈§≈≈§§§≈.....
## #......≈≈≈§≈≈≈≈§≈§≈§......
#........§§§§≈§§§§§§≈.....
#.......≈§≈§≈≈≈§≈≈§§§..... # {
##'.......§§≈≈≈≈§≈≈≈≈≈.....
..#####)'')..2....≈≈≈≈≈≈≈≈≈≈.....
........)''......≈≈≈§≈≈≈≈≈≈≈≈....
..........''...2.≈.≈≈≈≈≈≈§§≈≈....
...........#####@..§§§§≈§§§§.....
###...†..## {##..§≈§§≈≈§§≈.≈...
###....# #..§§§§≈≈≈≈≈§....
{#....# {{ #..≈≈≈≈≈≈≈≈§≈.)..
##...# #....§§≈≈≈≈§§§§.. #..2#
##.v≈.≈§§≈§§≈§§..) {{ #....
##....≈≈§≈≈§§≈≈§§.. { #....#
#.........≈§§§§≈... #....#
#.....≈....§.§....#


You could see 2 hellions and a fire vortex.


Message History

You barely miss the searing wretch.
You cut the searing wretch into ribbons!!!
You destroy the searing wretch!
Okawaru accepts your kill.
You slash the searing wretch!
You block the searing wretch's attack. x3 😨 HP[+1] MP[+1]
You block the searing wretch's attack. x3
Unknown command.
You closely miss the searing wretch. You slash the searing wretch!
You block the searing wretch's attack. x2
The searing wretch bites you but does no damage. 😨 HP[+1] Unknown command.
You block the searing wretch's attack. The searing wretch misses you.
You block the searing wretch's attack.
You see here a salamander corpse.
You slice the searing wretch!! 😨 HP[+1]
You slice the searing wretch like a ripe choko!!!
The searing wretch barely misses you.
The searing wretch claws you but does no damage.
The searing wretch closely misses you. 😨 MP[+1] Unknown command.
You open the searing wretch like a pillowcase!!!
You destroy the searing wretch!
Okawaru accepts your kill. 😨 HP[+1]
You carve the Brimstone Fiend like a ham!!!
The Brimstone Fiend gestures at you.
The sphere of damnation explodes!
The damnation engulfs you!!
* * * LOW HITPOINT WARNING * * *
The damnation engulfs the Brimstone Fiend.
The Brimstone Fiend completely resists.
You hear a hideous shriek!
You hear a roar! 😨 HP[-21] MP[-4]
You take 21 damage, and now have 90/249 hp.
You lost 4 mp, and now have 18/40 mp.
You closely miss the Brimstone Fiend.
Unknown command.
You slash the Brimstone Fiend!
A hellion comes into view. 😨 HP[+1]
You slice the Brimstone Fiend!!
You block the Brimstone Fiend's attack. x2
The Brimstone Fiend hits you but does no damage.
Unknown command.
You chop the Brimstone Fiend into pieces!!!
You kill the Brimstone Fiend!
Okawaru accepts your kill.
A hellion comes into view.
Your Evocations skill increases to level 10! 😨 MP[+1] 😨 HP[+1]
There is a huge open gate here. 😨 HP[+1]
There is a huge open gate here. 😨 HP[+1] MP[+1]
The hellion gestures at you.
The sphere of damnation explodes!
The damnation engulfs you!!
* * * LOW HITPOINT WARNING * * *
😨 HP[-20] MP[-5]
You take 20 damage, and now have 74/249 hp.
You lost 5 mp, and now have 15/40 mp. 😨 MP[+1]
The hellion gestures at you.
The sphere of damnation explodes!
The damnation engulfs you!!
* * * LOW HITPOINT WARNING * * *
You hear a roar! 😱 HP[-26] MP[-6]
You take 26 damage, and now have 48/249 hp.
You lost 6 mp, and now have 10/40 mp. 😱 HP[+1] MP[+1]
The hellion gestures at you.
The sphere of damnation explodes!
The damnation engulfs you!
* * * LOW HITPOINT WARNING * * *
You hear a hideous shriek! 😱 HP[-11] MP[-3]
You take 11 damage, and now have 38/249 hp.
You lost 3 mp, and now have 8/40 mp.
You block the hellion's attack. The hellion gestures at you.
The sphere of damnation explodes!
The damnation engulfs you!!
* * * LOW HITPOINT WARNING * * *
The damnation engulfs the hellion.
The hellion completely resists. 😱 HP[-21] MP[-4]
You take 21 damage, and now have 17/249 hp.
You lost 4 mp, and now have 4/40 mp.
You closely miss the hellion. The hellion gestures at you.
The sphere of damnation explodes!
The damnation engulfs you.
* * * LOW HITPOINT WARNING * * *
The damnation engulfs the hellion.
The hellion completely resists.
Unknown command. 😱 HP[-5] MP[-1]
You take 5 damage, and now have 12/249 hp.
You lost 1 mp, and now have 3/40 mp.
You slash the hellion! The hellion gestures at you.
The sphere of damnation explodes!
The damnation engulfs you!!
You die...

Skill      XL: |  1  2  3  4  5  6  7  8  9 10 11 12 13 14 15 16 17 18 19 20 21 22 23 24 25 26 27 |
---------------+----------------------------------------------------------------------------------+-----
Axes           | 3 4 5 6 7 9 11 13 14 16 17 19 22 23 24 26 | 26.9
Staves         | 1 |  1.7
Shields        | 5 6 8 10 12 14 16 18 20 27 | 27.0
Fighting       | 5 7 13 16 18 20 23 27 | 27.0
Armour         | 4 5 10 13 17 20 27 | 27.0
Invocations    | 2 12 17 24 27 | 27.0
Dodging        | 18 | 18.1
Evocations     | 10 | 10.0
Maces & Flails | |  0.1

Action                   |  1- 3 |  4- 6 |  7- 9 | 10-12 | 13-15 | 16-18 | 19-21 | 22-24 | 25-27 || total
-------------------------+-------+-------+-------+-------+-------+-------+-------+-------+-------++-------
Melee: War axe           |    49 |    58 |   142 |   456 |   866 |   950 |       |       |       ||  2521
       Quarterstaff      |    17 |     1 |       |       |       |       |       |       |       ||    18
       Broad axe         |       |       |       |       |       |   304 |  1221 |   803 |  1044 ||  3372
       Executioner's axe |       |       |       |       |       |    11 |       |       |    62 ||    73
       Battleaxe         |       |       |       |       |       |       |       |       |  2017 ||  2017
       Eveningstar       |       |       |       |       |       |       |       |       |    20 ||    20
Invok: Heroism           |       |       |       |     2 |    10 |    14 |     2 |     7 |    10 ||    45
       Finesse           |       |       |       |       |     7 |     7 |    10 |     6 |    28 ||    58
       Duel              |       |       |       |       |       |       |       |       |     5 ||     5
 Abil: Dig               |       |     1 |       |       |       |     4 |     1 |       |     4 ||    10
       Shaft Self        |       |       |       |       |       |     1 |       |       |       ||     1
Evoke: Wand              |       |       |       |     4 |       |       |       |       |       ||     4
  Use: Scroll            |    10 |     1 |     5 |     5 |     6 |     6 |     2 |     2 |    15 ||    52
       Potion            |       |       |       |    10 |     9 |     6 |     7 |     7 |    54 ||    93
 Stab: Confused          |       |       |       |     1 |       |     1 |     4 |       |       ||     6
       Sleeping          |       |       |       |       |       |     1 |       |       |       ||     1
       Invisible         |       |       |       |       |       |       |       |    26 |    24 ||    50
Armor: Scale mail        |    20 |       |       |       |    61 |   341 |   104 |       |       ||   526
       Plate armour      |    11 |    41 |    64 |   158 |    99 |       |       |       |       ||   373
       Ice dragon scales |       |       |       |       |       |       |   207 |    89 |       ||   296
       Chain mail        |       |       |       |       |       |       |       |   107 |   672 ||   779
       Skin              |       |       |       |       |       |       |       |       |    11 ||    11
Dodge: Dodged            |    26 |    21 |    38 |   103 |   156 |   278 |   213 |    56 |   332 ||  1223
Block: Buckler           |    21 |    13 |    17 |       |       |       |       |       |       ||    51
       Kite shield       |       |       |    26 |   223 |   210 |   521 |  1046 |   985 |  2372 ||  5383
       Tower shield      |       |       |       |    94 |   607 |   939 |   302 |       |   990 ||  2932
       Other             |       |       |       |       |       |       |       |       |     1 ||     1

Levels and vault maps discovered:
D:1:      saegor_arrival_simple_d, layout_rooms, serial_shops,
          nicolae_shop_hallway_plus, columned_hall_lemuel, minmay_octomino_c4
D:2:      layout_basic, guppyfry_early_lair_pool
D:3:      layout_loops_ring, marbit_many_paths, serial_shops,
          nicolae_shop_bloodbath_and_beyond, minmay_misc_feat_more_columns,
          minmay_gold_behind_fungi
D:4:      layout_basic, mainiacjoe_overflow_divided_tiny
D:5:      cheibrodos_thug_alley, layout_layer_cave,
          minmay_temple_entry_butterflies, serial_shops, shop, shop,
          nicolae_shop_trees, nicolae_diamond_shop, kennysheep_mini,
          uniq_crazy_yiuf_cottage
D:6:      layout_loops_corners, jmf_multi_god_temple2, nicolae_vehumet_radiance,
          uniq_blork_the_orc
D:7:      layout_basic
D:8:      layout_loops_ring, roderic_serpentine_path, serial_nicolae_subway,
          nicolae_sub_station_metal, nicolae_sub_station_stone,
          nicolae_sub_station_crystal
D:9:      layout_loops_ring, minmay_orc_keep
D:10:     lemuel_ice_statue, layout_basic, okawaru_trees_2,
          due_lair_maze_entry_diamond
D:11:     layout_loops_ring, gammafunk_ghost_nasty_kobolds, serial_shops, shop
D:12:     layout_irregular_city, orc_0_dummy, statue_in_the_mist_lemuel,
          drop_trap
D:13:     layout_basic, drop_trap, minivault_4, uniq_kirke, uniq_josephine
D:14:     layout_long_grid, lightli_vaults_fourway_checkpoint,
          patterned_corridor, uniq_snorg, uniq_louise
D:15:     hangedman_depths_entry_try_elsewhere_first, layout_loops_ring,
          dk_noncrumbling_3, serial_shops, shop_fountains,
          nicolae_shop_behind_doors, xom_redecorated
Temple:   regret_index_temple_generic_petals
Lair:1:   layout_roguey, serial_bayou_pond_a, dreamdust_wasp_nest
Lair:2:   layout_chaotic_city, swamp_mist_pool,
          minmay_snake_entry_guardpost_small, nicolae_volcano_entry_vermiform,
          serial_bayou_shore_b, serial_bayou_shore_a, infiniplex_staircase_pool
Lair:3:   layout_regular_city, serial_forest, infiniplex_forest_join,
          infiniplex_forest_clump_cross, infiniplex_forest_lined_ring,
          infiniplex_forest_end_1, infiniplex_forest_lined_3,
          infiniplex_forest_clump_double, infiniplex_forest_end_2,
          grunt_megastairs_3, uniq_rupert, uniq_gastronok
Lair:4:   layout_big_grid, grunt_megastairs_4
Lair:5:   cheibrodos_lair_end_hotspot, layout_cave_pods, slime_entry_1,
          nicolae_lair_lil_pond, hangedman_lair_unloving_vines
Swamp:1:  layout_basic_swamp, evilmike_swamp_ruin_rubble_2, uniq_nikola
Swamp:2:  layout_basic_swamp, evilmike_swamp_ruin_wall
Swamp:3:  layout_basic_swamp, evilmike_swamp_ruin_house_1, swamp_pool5
Swamp:4:  swamp_alternative, layout_basic_swamp, swamp_pool3
Snake:1:  layout_rooms, special_room, ebering_ghost_xom, grunt_megastairs_5,
          uniq_aizul, uniq_mlioglotl
Snake:2:  kennysheep_six_static_rooms, layout_misc_corridors, uniq_frances
Snake:3:  cheibrodos_toxic_ritual, layout_layer_cave, nicolae_shop_firing_range,
          minmay_shop_star
Snake:4:  johnstein_snake_rune_scales, layout_gridlike, serial_shops, shop,
          dpeg_stationary_puzzle
Slime:1:  layout_caves, special_room [special_room_jelly]
Slime:2:  layout_caves
Slime:3:  layout_caves
Slime:4:  layout_caves
Slime:5
Orc:1:    nicolae_orc_accident_1, layout_diamond_mine,
          gammafunk_ghost_berserking_beasts
Orc:2:    grunt_orc_tribal_feast, layout_diamond_mine, serial_shops,
          nicolae_shop_waterfront, shop, nicolae_shop_behind_doors,
          nicolae_lakefront_shop, shop
Elf:1:    nicolae_elf_arrival_fired_up, layout_onion_city, serial_shops,
          nicolae_shop_hallway_plus, kennysheep_underground_church,
          serial_sigils_hangedman_writhe
Elf:2:    nicolae_elf_blades_crystal_corner, layout_gridlike, serial_shops,
          nicolae_shop_statue_plus
Elf:3:    minmay_elf_hall_quartered_circle, layout_geoelf_octagon
Vaults:1: ontoclasm_vaults_decontamination, nicolae_vaults_back_hallway,
          ontoclasm_vaults_spin, vaults_room_grunt_arrival_ludios,
          ontoclasm_vaults_idyll, v_pattern_5, ontoclasm_vaults_pinch,
          ontoclasm_vaults_eye, hangedman_vaults_trim, nicolae_vaults_arrows,
          nicolae_vaults_shelves_hall, v_misc_22, nicolae_vaults_little_ls,
          layout_vaults_maze
Vaults:2: ontoclasm_vaults_fault, minmay_crypt_entry_simple_box,
          hellmonk_guarded_unrand_gong, hangedman_vaults_locks,
          vaults_dpeg_hooks, nicolae_vaults_three_branches,
          layout_vaults_omnigrid, uniq_xtahua, uniq_mara
Vaults:3: gammafunk_ghost_crypt, nicolae_vaults_branching_niches, v_misc_26,
          ontoclasm_vaults_ring_small, v_rooms_5, nicolae_vaults_big_ls,
          nicolae_vaults_big_angled_halls, ontoclasm_vaults_hangar,
          nicolae_vaults_shelves_hall, nicolae_vaults_circle_grid_b,
          vaults_room_grid, nicolae_vaults_little_squares_2,
          ontoclasm_vaults_twist, layout_vaults_ring, serial_shops,
          nicolae_shop_hallway_plus, uniq_sojobo, uniq_zenata
Vaults:4: grunt_vaults_trifunnel, vaults_mumra_minichess,
          nicolae_vaults_stairing_the_circle, nicolae_vaults_hallways_thing,
          ontoclasm_vaults_tryst, st_diamondy, v_pattern_2, v_misc_11,
          nicolae_vaults_theta, nicolae_vaults_rhombus_5,
          vaults_room_stairs_pillars, ontoclasm_vaults_shuriken,
          ontoclasm_vaults_gateway, layout_vaults_omnicross, serial_shops,
          bzr_in_the_mist
Vaults:5: uniq_margery
Crypt:1:  layout_misc_corridors, grunt_crypt_arrival_webbed, grunt_megastairs_1,
          uniq_donald
Depths:1: layout_roguey, hangedman_tar_grid_catacomb, abyss_entry,
          hangedman_glass_teeth, serial_shops, nicolae_shop_crystal,
          minmay_holes, grunt_decor_fettered, grunt_decor_arrowhead,
          hangedman_abyss_or_decor_stagger, minmay_hollow_rounded_squares
Depths:2: minmay_the_grid_net [minmay_the_grid_garden,
          minmay_the_grid_pillar_ring, minmay_the_grid_broken_lines,
          minmay_the_grid_square_x, minmay_the_grid_embedded,
          minmay_the_grid_prize_four_corners_diamond_b], layout_cave_shapes,
          hell_entry, lemuel_tele_altar, pan_entry, serial_bayou_shore_b,
          infiniplex_staircase_spiral_double, serial_bayou_shore_b
Depths:3: minmay_two_paths, layout_twisted_cross, enter_ziggurat_c,
          minmay_misc_feat_nine_boxes, abyss_entry,
          nicolae_hell_entry_big_baal_hell, serial_shops, bzr_entry_customers,
          trog_three_pillars_becter
Depths:4: evilmike_zot_entry_diamond, layout_cave_pools, abyss_entry,
          grunt_hell_entry_dis_old, nicolae_titane, gammafunk_ghost_ooze
Hell
Geh:1:    layout_gehenna_lava_caves
Geh:2:    layout_gehenna_pools_box
Geh:3:    layout_gehenna_lava_caves
Geh:4:    layout_gehenna_lava_caves
Geh:6:    layout_gehenna_lava_caves, nicolae_hells_leichenhalle
Geh:7:    geh_grunt_pentagon
Tar:1:    layout_grid_maze
Tar:2:    nicolae_tar_ssshhh
Tar:3:    layout_catacombs, nicolae_tar_combstack
Tar:4:    layout_honeycomb
Tar:5:    layout_cathedral_of_symmetry
Tar:6:    layout_cathedral_of_symmetry
Tar:7:    tar_grunt_cathedral

Notes
Turn   | Place    | Note
-------+----------+-------------------------------------------
     0 | D:1      | ytrimaz the Formicid Fighter began the quest for the Orb.
     0 | D:1      | Reached XP level 1. HP: 18/18 MP: 1/1
     0 | D:1      | magus.rc [v1.9.6]
    65 | D:1      | Reached XP level 2. HP: 24/24 MP: 2/2
   108 | D:1      | Reached skill level 3 in Axes
   312 | D:1      | Reached XP level 3. HP: 26/29 MP: 3/3
   437 | D:1      | Found Siosk's Antique Weapon Shoppe.
   615 | D:2      | Identified the ring "Gyny" {rF+ rC+ Int+3}
   710 | D:2      | Identified a scroll of acquirement
   710 | D:2      | Acquired 683 gold pieces
   759 | D:1      | Bought a fading quarterstaff for 198 gold pieces
   759 | D:1      | Identified the +8 quarterstaff "Jalarax" {drain, rC+ Dex+4}
                  | (You bought it in a shop on level 1 of the Dungeon)
  1452 | D:3      | Found Ruocves's Weapon Emporium.
  1631 | D:3      | You pick up a book of Debilitation and begin reading...
  1631 | D:3      | You add the spells Slow, Vampiric Draining and Confusing
                  | Touch to your library.
  1771 | D:3      | Acquired a +1 tower shield of protection
  1814 | D:3      | Reached skill level 1 in Staves
  1862 | D:3      | Reached XP level 4. HP: 32/35 MP: 4/4
  1878 | D:3      | Identified the +7 war axe "Curhag" {flame, Will- Str+5
                  | Stlth+}
  2168 | D:3      | Found a glowing silver altar of Zin.
  2279 | D:4      | You add the spells Tukima's Dance, Passage of Golubria and
                  | Yara's Violent Unravelling to your library.
  2531 | D:4      | Found a white marble altar of Elyvilon.
  2531 | D:4      | Found a hazy altar of Hepliaklqana.
  2576 | D:4      | Reached XP level 5. HP: 37/41 MP: 5/5
  2620 | D:4      | Reached skill level 5 in Shields
  2767 | D:5      | Entered Level 5 of the Dungeon
  2787 | D:5      | Noticed a kobold brigand
  2787 | D:5      | Noticed a kobold brigand
  2793 | D:5      | Killed a kobold brigand
  2794 | D:5      | Reached skill level 4 in Axes
  2794 | D:5      | Reached XP level 6. HP: 28/46 MP: 6/6
  2796 | D:5      | Reached skill level 6 in Shields
  2998 | D:5      | Found Dyeprehe's General Store.
  3032 | D:5      | Found Xeurihaa's Antique Armour Emporium.
  3226 | D:5      | Found a staircase to the Ecumenical Temple.
  3255 | Temple   | Entered the Ecumenical Temple
  3531 | D:5      | Reached skill level 5 in Axes
  3531 | D:5      | Reached XP level 7. HP: 52/52 MP: 7/7
  3637 | D:5      | Reached skill level 7 in Shields
  3764 | D:5      | Found Juych's Jewellery Shoppe.
  3978 | D:5      | Found a runed translucent door.
  3979 | D:5      | Noticed Crazy Yiuf
  4122 | D:5      | Found Qobaub's Antique Weapon Shoppe.
  4187 | D:5      | Found Suadanti's Distillery.
  4464 | D:5      | Killed Crazy Yiuf
  4608 | D:6      | Noticed a yak
  4610 | D:6      | Noticed a yak
  4617 | D:6      | Killed a yak
  4625 | D:6      | Noticed a yak
  4626 | D:6      | Noticed a yak
  4626 | D:6      | Noticed a yak
  4628 | D:6      | Noticed a yak
  4632 | D:6      | Killed a yak
  4633 | D:6      | Reached skill level 6 in Axes
  4633 | D:6      | Reached skill level 8 in Shields
  4633 | D:6      | Reached XP level 8. HP: 44/58 MP: 8/8
  4639 | D:6      | Killed a yak
  4640 | D:6      | Killed a yak
  4641 | D:6      | Reached skill level 7 in Axes
  4641 | D:6      | Reached skill level 9 in Shields
  4642 | D:6      | Killed a yak
  4646 | D:6      | HP: 14/58 [yak (10)]
  4649 | D:6      | Killed a yak
  4826 | D:6      | Identified the +1 cloak of Ginuirrem {Int+3}
  4885 | D:6      | Found a radiant altar of Vehumet.
  4903 | D:6      | Noticed Blork the orc
  4910 | D:6      | Killed Blork the orc
  4911 | D:6      | Reached skill level 10 in Shields
  4911 | D:6      | Reached XP level 9. HP: 64/64 MP: 9/9
  5141 | D:6      | Reached skill level 8 in Axes
  5266 | D:6      | HP: 16/64 [orc warrior/+0 hand axe (5)]
  5523 | D:6      | Found a large runed translucent door.
  5524 | D:6      | Found a large runed translucent door.
  5786 | D:6      | Reached skill level 11 in Shields
  5795 | D:6      | Found a blossoming altar of Fedhas.
  5800 | D:6      | Found a shadowy altar of Dithmenos.
  6092 | D:7      | You add the spells Olgreb's Toxic Radiance, Ozocubu's
                  | Refrigeration and Ignition to your library.
  6190 | D:7      | Reached skill level 9 in Axes
  6366 | D:7      | Reached skill level 12 in Shields
  6534 | D:7      | Reached XP level 10. HP: 70/70 MP: 10/10
  6817 | D:8      | Found a transporter.
  6817 | D:8      | Found a transporter.
  6867 | D:8      | Found a transporter.
  6873 | D:8      | Found a transporter.
  7230 | D:8      | Reached skill level 10 in Axes
  7241 | D:8      | Found a transporter.
  7246 | D:8      | Found a transporter.
  7423 | D:8      | You pick up a book of Air and begin reading...
  7423 | D:8      | You add the spells Shock and Airstrike to your library.
  7580 | D:9      | Reached skill level 13 in Shields
  7698 | D:9      | HP: 14/70 [wyvern (13)]
  7701 | D:9      | HP: 4/70 [wyvern (8)]
  8195 | D:9      | You are cast into the Abyss!
  8195 | Abyss:2  | Cast into level 2 of the Abyss (orc warrior)
  8233 | Abyss:2  | Found a corrupted altar of Lugonu.
  8244 | Abyss:2  | Noticed a thrashing horror
  8267 | Abyss:2  | HP: 11/70 [raiju/living lightning (14)]
  8270 | Abyss:2  | Reached skill level 11 in Axes
  8270 | Abyss:2  | Reached skill level 14 in Shields
  8276 | Abyss:2  | Killed a thrashing horror
  8277 | Abyss:2  | Reached XP level 11. HP: 45/75 MP: 11/11
  8557 | Abyss:2  | Noticed a wretched star
  8564 | Abyss:2  | HP: 8/75 [wretched star/lance of force (35)]
  8564 | Abyss:2  | HP: 2/75 [rock wall collision (6)]
  8570 | Abyss:2  | Killed a wretched star
  8573 | D:9      | You pass through the gate.
  8573 | D:9      | Escaped the Abyss
  8577 | D:9      | Reached skill level 15 in Shields
  9093 | D:9      | Reached skill level 12 in Axes
  9163 | D:10     | Entered Level 10 of the Dungeon
  9272 | D:10     | Found an iron altar of Okawaru.
  9295 | D:10     | Found a staircase to the Lair.
  9314 | D:10     | Became a worshipper of Warmaster Okawaru
  9414 | D:10     | Reached * piety under Okawaru
  9423 | D:10     | Reached skill level 16 in Shields
  9574 | D:10     | Noticed a two-headed ogre
  9581 | D:10     | Killed a two-headed ogre
  9862 | D:10     | Reached ** piety under Okawaru
  9867 | D:10     | Reached skill level 13 in Axes
  9924 | D:10     | Reached XP level 12. HP: 70/81 MP: 12/12
 10396 | D:11     | Reached skill level 17 in Shields
 10432 | D:11     | Noticed a two-headed ogre
 10440 | D:11     | Killed a two-headed ogre
 10675 | D:11     | Found Waun's Distillery.
 10781 | D:11     | Reached *** piety under Okawaru
 10816 | D:11     | Found a runed translucent gate.
 10816 | D:11     | Found a runed translucent gate.
 10817 | D:11     | Noticed ragingrage's ghost (journeyman MfCK)
 11005 | D:11     | Found a runed translucent gate.
 11223 | D:12     | Noticed a boulder beetle
 11516 | D:12     | Killed a boulder beetle
 11733 | D:12     | Noticed a boulder beetle
 11745 | D:12     | Killed a boulder beetle
 11746 | D:12     | Reached skill level 14 in Axes
 11942 | D:12     | Found a staircase to the Orcish Mines.
 12353 | Lair:1   | Entered Level 1 of the Lair of Beasts
 12400 | Lair:1   | Reached **** piety under Okawaru
 12401 | Lair:1   | Reached skill level 18 in Shields
 12655 | Lair:1   | Reached XP level 13. HP: 86/86 MP: 13/13
 12666 | Lair:1   | Reached ***** piety under Okawaru
 13366 | Lair:2   | Noticed a six-headed hydra
 13374 | Lair:2   | Killed a two-headed hydra
 13375 | Lair:2   | Reached skill level 19 in Shields
 13461 | Lair:2   | Reached skill level 15 in Axes
 13717 | Lair:2   | Found a staircase to the Snake Pit.
 13758 | Lair:2   | Found a dark tunnel.
 13767 | Volcano  | Entered a volcano
 15121 | Lair:2   | Found a staircase to the Swamp.
 15391 | Lair:2   | Reached ****** piety under Okawaru
 15393 | Lair:2   | Identified the +8 demon blade of Harmony {venom, rElec rN+
                  | Will+ Dex-4} (Okawaru gifted it to you on level 2 of the
                  | Lair of Beasts)
 15393 | Lair:2   | Received a gift from Okawaru
 15397 | Lair:2   | Reached skill level 20 in Shields
 15540 | D:11     | Reached skill level 16 in Axes
 15543 | D:11     | Killed ragingrage's ghost
 15544 | D:11     | Reached skill level 4 in Fighting
 15983 | Swamp:1  | Entered Level 1 of the Swamp
 15983 | Swamp:1  | Noticed a five-headed hydra
 16148 | Lair:3   | Noticed Gastronok
 16148 | Lair:3   | Gastronok the Ponderous comes into view. He is wearing the
                  | +3 hat of Pondering {ponderous, Will+ MP+10 Int+5}.
 16168 | Lair:3   | Killed Gastronok
 16169 | Lair:3   | Reached skill level 5 in Fighting
 16169 | Lair:3   | Reached skill level 4 in Armour
 16169 | Lair:3   | Reached skill level 1 in Invocations
 16188 | Lair:3   | Reached skill level 2 in Invocations
 16192 | Lair:3   | Reached XP level 14. HP: 64/99 MP: 13/15
 16399 | Lair:3   | Reached skill level 6 in Fighting
 16403 | Lair:3   | Reached skill level 3 in Invocations
 16627 | Lair:3   | Noticed Rupert
 16644 | Lair:3   | Killed Rupert
 16644 | Lair:3   | Received a gift from Okawaru
 16645 | Lair:3   | Reached skill level 5 in Armour
 16791 | Lair:3   | Reached skill level 4 in Invocations
 17217 | Lair:4   | Reached skill level 5 in Invocations
 17455 | Lair:4   | Reached skill level 6 in Invocations
 17459 | Lair:4   | Reached skill level 7 in Invocations
 17713 | Lair:5   | Entered Level 5 of the Lair of Beasts
 17725 | Lair:5   | Reached skill level 8 in Invocations
 17766 | Lair:5   | You add the spells Sting and Poisonous Vapours to your
                  | library.
 17800 | Lair:5   | Found a staircase to the Slime Pits.
 17965 | Lair:5   | Reached skill level 9 in Invocations
 18162 | Lair:5   | Identified the +3 scale mail of Pizeucki {rPois rF++}
                  | (Okawaru gifted it to you on level 5 of the Lair of Beasts)
 18162 | Lair:5   | Received a gift from Okawaru
 18587 | Lair:5   | Reached skill level 10 in Invocations
 18800 | Lair:5   | Upgraded the game from 0.30-a0-364-gf6b3ef1049 to
                  | 0.30-a0-365-ge7f957f1db
 18800 | Lair:5   | magus.rc [v1.9.6]
 18850 | Lair:5   | Reached skill level 11 in Invocations
 18941 | Lair:5   | Found a large runed translucent door.
 18944 | Lair:5   | Found a large runed translucent door.
 19836 | Orc:1    | Entered Level 1 of the Orcish Mines
 19836 | Orc:1    | Found a transporter.
 19850 | Orc:1    | Noticed Katsezxo's ghost (journeyman FoFi)
 19870 | Orc:1    | Reached skill level 12 in Invocations
 19892 | Orc:1    | Reached skill level 7 in Fighting
 20087 | Orc:1    | Found a transporter.
 20278 | Orc:1    | Reached XP level 15. HP: 108/108 MP: 24/24
 20483 | Orc:2    | Entered Level 2 of the Orcish Mines
 20518 | Orc:2    | Reached skill level 6 in Armour
 20551 | Orc:2    | Reached skill level 8 in Fighting
 20578 | Orc:2    | Reached skill level 9 in Fighting
 20582 | Orc:2    | HP: 24/113 [orc knight/+0 halberd (29)]
 21005 | Orc:2    | Reached skill level 7 in Armour
 21072 | Orc:2    | Found Abenk's Distillery.
 21080 | Orc:2    | Found Zepuwkown's Assorted Antiques.
 21139 | Orc:2    | Found Yfex's Armour Emporium.
 21241 | Orc:2    | Found a staircase to the Elven Halls.
 21322 | Orc:2    | Identified the +0 chain mail of Privacy {Int+6} (Okawaru
                  | gifted it to you on level 2 of the Orcish Mines)
 21322 | Orc:2    | Received a gift from Okawaru
 21332 | Orc:2    | Reached skill level 10 in Fighting
 21410 | Orc:2    | Found Woil's Jewellery Boutique.
 21495 | Orc:2    | Found Xoxtalif's Book Shop.
 21861 | Orc:2    | Found Fonu's Antique Weapon Boutique.
 21861 | Orc:2    | Found Arghutom's Book Shoppe.
 21881 | Orc:2    | Found Elafy's Antique Weapon Boutique.
 21881 | Orc:2    | Found Osem's Distillery.
 22110 | Orc:2    | Bought a potion of mutation for 112 gold pieces
 22422 | D:5      | Bought the +18 shield of the Gong {rElec rN+ Will+ EV-5}
                  | for 2140 gold pieces
 22422 | D:5      | Found the +18 shield of the Gong {rElec rN+ Will+ EV-5}
 22731 | D:13     | Reached skill level 8 in Armour
 22738 | D:13     | Noticed Kirke
 22754 | D:13     | Killed Kirke
 22755 | D:13     | Reached skill level 11 in Fighting
 22775 | D:13     | Noticed Josephine
 22789 | D:13     | Killed Josephine
 22809 | D:13     | Reached skill level 12 in Fighting
 22809 | D:13     | Reached skill level 9 in Armour
 23095 | D:13     | You add the spells Alistair's Intoxication, Borgnjor's Vile
                  | Clutch and Eringya's Noxious Bog to your library.
 23631 | D:14     | Noticed Louise
 23659 | D:14     | Killed Louise
 23660 | D:14     | Reached skill level 13 in Fighting
 23668 | D:14     | Noticed Snorg
 23678 | D:14     | Killed Snorg
 23717 | D:14     | Reached skill level 10 in Armour
 24179 | D:14     | You pick up a book of Scorching and begin reading...
 24179 | D:14     | You add the spells Scorch and Flame Wave to your library.
 24199 | D:14     | Reached XP level 16. HP: 110/132 MP: 25/25
 24205 | D:14     | Reached skill level 14 in Fighting
 24214 | D:14     | Identified the +3 ring mail of the Barracuda {rElec Str+3}
                  | (Okawaru gifted it to you on level 14 of the Dungeon)
 24214 | D:14     | Received a gift from Okawaru
 24222 | D:14     | HP: 30/134 [troll (9)]
 24233 | D:14     | HP: 33/134 [vault guard/+0 war axe (3)]
 24235 | D:14     | Reached skill level 11 in Armour
 24482 | D:14     | Found a gate to the Vaults.
 24597 | D:14     | You pick up a book of Decay and begin reading...
 24597 | D:14     | You add the spells Cigotuvi's Dreadful Rot and Dispel
                  | Undead to your library.
 24762 | D:15     | Entered Level 15 of the Dungeon
 24770 | D:15     | Found a staircase to the Depths.
 25077 | D:15     | Found Vivekh's Jewellery Shoppe.
 25136 | D:15     | Found Vuschup's Jewellery Boutique.
 25248 | D:15     | Identified the +0 scale mail of Refuge {*Slow rElec Str+5}
 25443 | D:15     | Found a shimmering altar of Xom.
 25448 | D:15     | Found a shimmering altar of Xom.
 25450 | D:15     | Found a shimmering altar of Xom.
 25451 | D:15     | Found a shimmering altar of Xom.
 25458 | D:15     | Identified the +1 whip of the Dancing Pariah {venom, Will+}
 25900 | Snake:1  | Entered Level 1 of the Snake Pit
 25908 | Snake:1  | Reached skill level 15 in Fighting
 25913 | Snake:1  | Noticed Mlioglotl
 25933 | Snake:1  | Killed Mlioglotl
 25955 | Snake:1  | HP: 33/136 [salamander/+4 glaive (3)]
 25958 | Snake:1  | HP: 9/136 [salamander/+0 glaive (25)]
 25977 | Lair:2   | HP: 34/136 [poisoned by a naga sharpshooter (splash of
                  | poison)]
 25978 | Lair:2   | Reached skill level 12 in Armour
 25982 | Lair:2   | HP: 30/136 [poisoned by a naga sharpshooter (splash of
                  | poison)]
 26421 | Orc:1    | Killed Katsezxo's ghost
 26855 | Snake:1  | Noticed Aizul
 26877 | Snake:1  | Killed Aizul
 27112 | Snake:1  | Found a runed translucent door.
 27113 | Snake:1  | Identified the +4 glaive of the Singing Augurer {chaos,
                  | Dex+6}
 27114 | Snake:1  | Found a shimmering altar of Xom.
 27115 | Snake:1  | Noticed Ammimmimomm's ghost (adept MfGl)
 27478 | Snake:2  | Reached skill level 16 in Fighting
 27492 | Snake:2  | Reached skill level 13 in Armour
 27509 | Snake:2  | Noticed Frances
 27527 | Snake:2  | Killed Frances
 27527 | Snake:2  | Identified the +1 pair of boots of Okawaru's Favour {rF++}
                  | (Okawaru gifted it to you on level 2 of the Snake Pit)
 27527 | Snake:2  | Received a gift from Okawaru
 27837 | Snake:2  | Reached XP level 17. HP: 114/144 MP: 26/26
 27847 | Snake:2  | HP: 36/144 [shock serpent/electric aura (1)]
 27858 | Snake:2  | HP: 35/144 [shock serpent (3)]
 27858 | Snake:2  | HP: 2/144 [naga/+1 mace of holy wrath (32)]
 27864 | Snake:2  | You fall into a shaft and drop 1 floor!
 27867 | Snake:3  | HP: 14/144 [poisoned by a naga (splash of poison)]
 27872 | Snake:3  | HP: 11/144 [poisoned by a naga (splash of poison)]
 28332 | Snake:3  | Found Figeir's Antique Weapon Shop.
 28334 | Snake:3  | Found Ruqamn's Armour Boutique.
 28336 | Snake:3  | Found Suiwk's Magic Scroll Shop.
 28346 | Snake:3  | Reached skill level 14 in Armour
 28931 | Snake:2  | Reached skill level 15 in Armour
 29736 | Snake:3  | Found Kusob's Firing Range.
 29843 | Snake:3  | Identified the +3 pair of gloves of Hide-and-Seek {Int+3}
                  | (Okawaru gifted it to you on level 3 of the Snake Pit)
 29843 | Snake:3  | Received a gift from Okawaru
 29872 | Snake:3  | Reached skill level 16 in Armour
 30791 | Snake:3  | Found a runed translucent door.
 31215 | Snake:4  | Entered Level 4 of the Snake Pit
 31254 | Snake:4  | HP: 34/144 [shock serpent (5)]
 31631 | Snake:4  | Reached skill level 17 in Armour
 31761 | Snake:4  | Found Zesu's Assorted Antiques.
 31780 | Snake:4  | Bought a clouded jade ring for 150 gold pieces
 31780 | Snake:4  | Identified the ring "Cil Sais" {rF+ rC+ Str+2} (You bought
                  | it in a shop on level 4 of the Snake Pit)
 32320 | Snake:4  | Reached XP level 18. HP: 134/135 MP: 27/27
 32400 | Snake:4  | Reached skill level 18 in Armour
 32403 | Snake:4  | Received a gift from Okawaru
 33765 | Snake:4  | Got a serpentine rune of Zot
 33953 | Swamp:1  | Reached skill level 19 in Armour
 33980 | Swamp:1  | Noticed Nikola
 34483 | Swamp:1  | Killed Nikola
 34508 | Swamp:1  | HP: 34/151 [spriggan druid/+0 quarterstaff (11)]
 34850 | Swamp:1  | Identified the +5 broad axe of the Hawk {flame, rF+}
                  | (Okawaru gifted it to you on level 1 of the Swamp)
 34850 | Swamp:1  | Received a gift from Okawaru
 36215 | Swamp:2  | Reached skill level 20 in Armour
 36217 | Swamp:2  | HP: 30/151 [thorn hunter/volley of thorns (23)]
 37115 | Swamp:3  | Reached skill level 17 in Axes
 37642 | Swamp:4  | Entered Level 4 of the Swamp
 37655 | Swamp:4  | Received a gift from Okawaru
 37658 | Swamp:4  | Reached XP level 19. HP: 141/157 MP: 28/28
 38083 | Swamp:4  | Received a gift from Okawaru
 38245 | Swamp:3  | HP: 36/157 [rime drake/icy flash freeze (15)]
 38878 | Swamp:4  | Got a decaying rune of Zot
 39491 | Elf:1    | Entered Level 1 of the Elven Halls
 39558 | Elf:1    | Reached skill level 17 in Fighting
 40054 | D:5      | Bought smouldering ice dragon scales for 1430 gold pieces
 40054 | D:5      | Identified the +1 ice dragon scales of Mezcal {rF- rC++
                  | Regen+} (You bought it in a shop on level 5 of the Dungeon)
 40534 | Elf:1    | Identified the +6 executioner's axe of Torghi {vorpal,
                  | Will+ MP+9 Int+4 Dex-3} (Okawaru gifted it to you on level
                  | 1 of the Elven Halls)
 40534 | Elf:1    | Received a gift from Okawaru
 40679 | Elf:1    | Reached skill level 18 in Fighting
 40714 | Elf:1    | Found Etuyv's Magic Scroll Boutique.
 41486 | Elf:1    | Found the +3 Mad Mage's Maulers {Infuse+∞ RegenMP Int-3}
 41619 | Elf:2    | HP: 28/165 [+1 dire flail of protection (19)]
 41627 | Elf:1    | HP: 26/165 [+1 dire flail of protection (18)]
 41878 | Elf:2    | Reached XP level 20. HP: 145/172 MP: 26/29
 41886 | Elf:2    | Reached skill level 19 in Fighting
 41888 | Elf:2    | Identified the +1 pair of boots of Xovvo {Contam Str+4
                  | Int+3 Dex+2 Slay+5} (Okawaru gifted it to you on level 2 of
                  | the Elven Halls)
 41888 | Elf:2    | Received a gift from Okawaru
 42061 | Elf:2    | You pick up a book of Necromancy and begin reading...
 42061 | Elf:2    | You add the spells Necrotise and Agony to your library.
 42177 | Elf:2    | Found Pinye's Jewellery Shoppe.
 42328 | Elf:2    | Found a runed translucent gate.
 42329 | Elf:2    | Found a runed translucent gate.
 42329 | Elf:2    | Found a runed translucent gate.
 42450 | Elf:2    | Reached skill level 20 in Fighting
 42450 | Elf:2    | Reached skill level 18 in Axes
 42947 | Elf:3    | Entered Level 3 of the Elven Halls
 43002 | Elf:3    | Identified the +0 pair of gloves "Pastupua" {rElec rC-
                  | Str+4 SInv} (Okawaru gifted it to you on level 3 of the
                  | Elven Halls)
 43002 | Elf:3    | Received a gift from Okawaru
 43015 | Elf:3    | Reached skill level 19 in Axes
 43031 | Elf:3    | Noticed a Tzitzimitl
 43250 | Elf:3    | Noticed a Tzitzimitl
 43301 | Elf:3    | Identified the +11 rapier "Daulexzo" {distort, *Rage rPois
                  | rF+ rCorr}
 43302 | Elf:3    | Noticed a Hell Sentinel
 43304 | Elf:3    | Noticed a Tzitzimitl
 43511 | Elf:2    | Acquired a manual of Invocations
 43719 | Elf:3    | Reached XP level 21. HP: 123/183 MP: 26/30
 43722 | Elf:3    | Reached skill level 20 in Axes
 43786 | Elf:3    | HP: 41/183 [deep elf pyromancer/bolt of fire (14)]
 44156 | Elf:3    | You pick up a book of Geomancy and begin reading...
 44156 | Elf:3    | You add the spells Sandblast, Passwall and Stone Arrow to
                  | your library.
 44233 | Elf:3    | You pick up a book of Winter and begin reading...
 44300 | Elf:3    | You pick up a book of Misfortune and begin reading...
 44301 | Elf:3    | Identified the ring "Bomiri Vitacs" {Wiz rC- MP-9 Int+2
                  | Dex+8}
 44320 | Elf:3    | Identified the +6 flail of the Ageless Prophets {vorpal,
                  | rN+}
 44336 | Elf:3    | Found the ring of the Hare {EV+8}
 44341 | Elf:3    | Identified the +2 sling of Strategic Superiority {freeze,
                  | +Blink rElec rC- Int-2}
 44359 | Elf:3    | You pick up a book of Sloth and begin reading...
 44359 | Elf:3    | You add the spells Petrify and Statue Form to your library.
 44378 | Elf:3    | Identified the +8 scimitar of a Billion Realms {venom,
                  | +Blink rCorr Str-4 Dex+5}
 44383 | Elf:3    | Identified the +7 shortbow of Spores {antimagic, rElec
                  | Str+2 Dex+2 SInv}
 44385 | Elf:3    | Identified the +7 mace of Premature Burial {vamp, rC++}
 44386 | Elf:3    | Identified the ring "Ymewn" {rElec rCorr Int+6 Dex-3}
 44390 | Elf:3    | You add the spells Manifold Assault and Lightning Bolt to
                  | your library.
 44390 | Elf:3    | Got the Compendium of the Unstable Atmosphere
 44392 | Elf:3    | You pick up a book of Hexes and begin reading...
 44392 | Elf:3    | You add the spells Inner Flame, Cause Fear and Discord to
                  | your library.
 44911 | Vaults:1 | Entered Level 1 of the Vaults
 45172 | Vaults:1 | Identified the +1 chain mail "Cekeyzo" {Str+3} (Okawaru
                  | gifted it to you on level 1 of the Vaults)
 45172 | Vaults:1 | Received a gift from Okawaru
 45214 | Vaults:1 | Reached skill level 21 in Axes
 45926 | Vaults:1 | Reached skill level 22 in Axes
 45952 | Vaults:1 | HP: 45/183 [vault sentinel/+0 long sword (6)]
 45956 | Vaults:1 | HP: 11/183 [vault guard/+0 battleaxe[a vault warden] (18)]
 45957 | Vaults:1 | Received a gift from Okawaru
 46552 | Elf:2    | Bought the brooch of Shielding {Spirit SH+8} for 1170 gold
                  | pieces
 46552 | Elf:2    | Found the brooch of Shielding {Spirit SH+8}
 46990 | Vaults:2 | Noticed Xtahua
 47008 | Vaults:2 | Reached XP level 22. HP: 179/190 MP: 21/31
 47013 | Vaults:2 | Killed Xtahua
 47043 | Vaults:2 | Noticed Mara
 47054 | Vaults:2 | Noticed ytrimaz's illusion
 47070 | Vaults:2 | Killed Mara
 47071 | Vaults:2 | Reached skill level 23 in Axes
 47398 | Vaults:2 | Identified the +3 robe of the Lair of Beasts {Rampage
                  | *Corrode rPois Regen+} (Okawaru gifted it to you on level 2
                  | of the Vaults)
 47398 | Vaults:2 | Received a gift from Okawaru
 47401 | Vaults:2 | Identified the +0 tower shield of the Cartwright {rN+}
 47782 | Vaults:2 | Found a staircase to the Crypt.
 47973 | Crypt:1  | Entered Level 1 of the Crypt
 48366 | Vaults:3 | Found a runed translucent gate.
 48366 | Vaults:3 | Found a runed translucent gate.
 48366 | Vaults:3 | Found a runed translucent gate.
 48366 | Vaults:3 | Found an ancient bone altar of Kikubaaqudgha.
 48366 | Vaults:3 | Noticed Jiaf's ghost (veteran HOFi)
 48366 | Vaults:3 | Noticed Ymuwoet's ghost (adept DjHW)
 48366 | Vaults:3 | Noticed Dogag's ghost (adept DgIE)
 48366 | Vaults:3 | Noticed a dread lich
 48366 | Vaults:3 | Noticed a dread lich
 48379 | Vaults:3 | Killed Dogag's ghost
 48387 | Vaults:3 | Killed a dread lich
 48388 | Vaults:3 | Reached skill level 13 in Invocations
 48388 | Vaults:3 | Killed Ymuwoet's ghost
 48393 | Vaults:3 | Killed a dread lich
 48394 | Vaults:3 | Reached skill level 14 in Invocations
 48400 | Vaults:3 | Killed Jiaf's ghost
 48407 | Vaults:3 | Identified the amulet of Nybbuqog {Spirit Fly Will- Dex+6}
 48412 | Vaults:3 | Identified the +1 pair of gloves of Loss {Str+4 Slay+2
                  | Stlth+}
 48443 | Vaults:3 | You add the spells Borgnjor's Revivification, Necromutation
                  | and Death's Door to your library.
 48462 | Vaults:3 | Noticed Sojobo
 48487 | Vaults:3 | Found Uleanoth's Magic Scroll Shoppe.
 48499 | Vaults:3 | Killed Sojobo
 48500 | Vaults:3 | Reached skill level 15 in Invocations
 48632 | Vaults:3 | Reached skill level 16 in Invocations
 48714 | Vaults:3 | Noticed Zenata
 48715 | Vaults:3 | Reached skill level 17 in Invocations
 48741 | Vaults:3 | Killed Zenata
 48742 | Vaults:3 | Reached XP level 23. HP: 129/191 MP: 22/35
 48996 | Vaults:3 | Reached skill level 18 in Invocations
 49102 | Vaults:3 | You pick up a book of the Spheres and begin reading...
 49102 | Vaults:3 | You add the spells Iskenderun's Battlesphere, Fireball,
                  | Conjure Ball Lightning and Orb of Destruction to your
                  | library.
 49227 | Vaults:3 | Identified the +13 chain mail of Courage {rN++}
 49501 | Vaults:3 | Acquired a manual of Invocations
 49706 | Vaults:4 | Reached skill level 19 in Invocations
 49717 | Vaults:4 | Identified the +10 flail "Zokib" {vamp, rElec rF++ Str+2
                  | Int-4} (Okawaru gifted it to you on level 4 of the Vaults)
 49717 | Vaults:4 | Received a gift from Okawaru
 49741 | Vaults:4 | Reached skill level 20 in Invocations
 49803 | Vaults:4 | Reached skill level 21 in Invocations
 49812 | Vaults:4 | Received a gift from Okawaru
 49834 | Vaults:4 | Reached skill level 22 in Invocations
 50379 | Vaults:4 | Reached skill level 23 in Invocations
 50962 | Vaults:4 | Found a gateway to a bazaar.
 50991 | Bazaar   | Entered a bazaar
 50991 | Bazaar   | Found Paoze's Book Shoppe.
 50991 | Bazaar   | Found Qacag's Antique Weapon Boutique.
 50991 | Bazaar   | Found Wonnuhyts's Jewellery Shoppe.
 50991 | Bazaar   | Found Isui's Assorted Antiques.
 50993 | Bazaar   | Found Pauhiun's Jewellery Shop.
 51038 | Bazaar   | Bought a warped ring mail for 171 gold pieces
 51038 | Bazaar   | Identified the +5 ring mail of Dawn {rPois Will- Str+2}
                  | (You bought it in a shop in a bazaar)
 51119 | Vaults:5 | Entered Level 5 of the Vaults
 51131 | Vaults:5 | Reached skill level 24 in Invocations
 51137 | Vaults:5 | Identified the +9 lajatang "Cook" {protect, rElec} (Okawaru
                  | gifted it to you on level 5 of the Vaults)
 51137 | Vaults:5 | Received a gift from Okawaru
 51144 | Vaults:5 | Reached XP level 24. HP: 165/204 MP: 28/39
 51158 | Vaults:5 | Reached skill level 25 in Invocations
 51190 | Vaults:5 | Noticed Margery
 51464 | Vaults:4 | Killed Margery
 51464 | Vaults:4 | Received a gift from Okawaru
 51493 | Vaults:5 | Reached skill level 26 in Invocations
 51768 | Vaults:5 | Noticed a golden dragon
 51779 | Vaults:5 | Killed a golden dragon
 51805 | Vaults:5 | Identified the +5 chain mail of the Skies Above {Rampage
                  | +Inv} (Okawaru gifted it to you on level 5 of the Vaults)
 51805 | Vaults:5 | Received a gift from Okawaru
 51877 | Vaults:5 | Noticed an ancient lich
 51888 | Vaults:5 | Killed an ancient lich
 51897 | Vaults:5 | Reached skill level 27 in Invocations
 51902 | Vaults:5 | Reached skill level 24 in Axes
 51904 | Vaults:5 | Noticed a golden dragon
 51911 | Vaults:5 | Killed a golden dragon
 51927 | Vaults:5 | Noticed an ancient lich
 51935 | Vaults:5 | Killed an ancient lich
 51983 | Vaults:5 | Noticed a juggernaut
 51984 | Vaults:5 | a juggernaut changed into a rockslime
 52245 | Vaults:5 | Reached XP level 25. HP: 86/210 MP: 21/40
 52290 | Vaults:5 | HP: 51/210 [deep troll[an ironbound preserver] (3)]
 52309 | Vaults:5 | Reached skill level 25 in Axes
 52885 | Vaults:5 | Identified the +2 plate armour "Reesejoq" {rN+} (Okawaru
                  | gifted it to you on level 5 of the Vaults)
 52885 | Vaults:5 | Received a gift from Okawaru
 52991 | Vaults:5 | Found Hinohuer's Jewellery Shop.
 52992 | Vaults:5 | Found Yrio's General Store.
 53000 | Vaults:5 | Bought the ring of Roosuixtu {Contam rPois rF+ rC+ rN+} for
                  | 831 gold pieces
 53036 | Vaults:5 | Found Relip's Distillery.
 53049 | Vaults:5 | Found Guron's Antique Weapon Emporium.
 53274 | Vaults:5 | You pick up a book of the Moon and begin reading...
 53274 | Vaults:5 | You add the spells Silence and Lehudib's Crystal Spear to
                  | your library.
 53277 | Vaults:5 | You pick up a book of Dreams and begin reading...
 53277 | Vaults:5 | You add the spells Ensorcelled Hibernation, Spider Form and
                  | Anguish to your library.
 53280 | Vaults:5 | Got a silver rune of Zot
 53482 | Vaults:5 | Identified the +5 flail "Sacenes" {speed, Will+ Dex+4}
 54072 | Slime:1  | Entered Level 1 of the Pits of Slime
 54074 | Slime:1  | Gained mutation: Potions are less effective at restoring
                  | your health. [a shining eye]
 54126 | Slime:1  | Gained mutation: Your magical capacity is low. (-10% MP) [a
                  | shining eye]
 54130 | Slime:1  | Gained mutation: You are frail. (-10% HP) [a shining eye]
 54611 | Slime:3  | Reached skill level 26 in Axes
 54840 | Slime:4  | Gained mutation: You occasionally shout uncontrollably at
                  | your foes. [a shining eye]
 54842 | Slime:4  | Gained mutation: You are clumsy. (Dex -2) [a shining eye]
 54843 | Slime:4  | Gained mutation: You are very clumsy. (Dex -4) [a shining
                  | eye]
 54878 | Slime:4  | HP: 45/189 [azure jelly (11)]
 55479 | Slime:5  | Entered Level 5 of the Pits of Slime
 55681 | Slime:5  | Gained mutation: You occasionally lose the ability to drink
                  | potions when taking damage. [a shining eye]
 55682 | Slime:5  | Gained mutation: You passively map a small area around you.
                  | [a shining eye]
 55687 | Slime:4  | HP: 39/189 [acid blob (10)]
 55690 | Slime:4  | HP: 16/189 [slime creature (5)]
 55702 | Slime:4  | HP: 16/283 [quicksilver ooze (8)]
 56156 | Slime:4  | Lost mutation: Potions are less effective at restoring your
                  | health. [potion of mutation]
 56156 | Slime:4  | Lost mutation: You are very clumsy. (Dex -4) [potion of
                  | mutation]
 56156 | Slime:4  | Lost mutation: You occasionally shout uncontrollably at
                  | your foes. [potion of mutation]
 56156 | Slime:4  | Lost mutation: Your magical capacity is low. (-10% MP)
                  | [potion of mutation]
 56156 | Slime:4  | Gained mutation: Your flesh is heat resistant. (rF+)
                  | [potion of mutation]
 56157 | Slime:4  | Lost mutation: You occasionally lose the ability to drink
                  | potions when taking damage. [potion of mutation]
 56157 | Slime:4  | Lost mutation: Your flesh is heat resistant. (rF+) [potion
                  | of mutation]
 56157 | Slime:4  | Lost mutation: You passively map a small area around you.
                  | [potion of mutation]
 56157 | Slime:4  | Gained mutation: You have hidden genetic potential. [potion
                  | of mutation]
 56157 | Slime:4  | Gained mutation: Your muscles are strong. (Str +4, Int/Dex
                  | -1) [potion of mutation]
 56163 | Slime:5  | Received a gift from Okawaru
 56198 | Slime:5  | Noticed the Royal Jelly
 56311 | Arena    | Entered the Arena
 56318 | Arena    | Killed the Royal Jelly
 56343 | Slime:5  | Gained mutation: You are very clumsy. (Dex -4) [a shining
                  | eye]
 56618 | Slime:5  | Reached XP level 26. HP: 134/196 MP: 32/40
 56849 | Slime:5  | You pick up a book of Spectacle and begin reading...
 56849 | Slime:5  | You add the spells Dazzling Flash, Iskenderun's Mystic
                  | Blast and Starburst to your library.
 56860 | Slime:5  | Identified the +5 battleaxe of Ukkuo {vamp, Str+6 Int+2}
 56862 | Slime:5  | Identified the +1 pair of gloves "Rumaewic" {Dex+2}
 56876 | Slime:5  | Identified the +5 mace "Casov" {spect, rF++ rC+ Will++}
 56879 | Slime:5  | You pick up a book of Cantrips and begin reading...
 56916 | Slime:5  | You pick up a book of the Earth and begin reading...
 56916 | Slime:5  | You add the spells Leda's Liquefaction and Lee's Rapid
                  | Deconstruction to your library.
 56921 | Slime:5  | Got the Vademecum on Mutated Glaciation
 56960 | Slime:5  | Got a slimy rune of Zot
 56962 | Slime:5  | Got Dewniz's Reference Book on the Displaced Iceberg
 57581 | Depths:1 | Entered Level 1 of the Depths
 57946 | Depths:1 | You pick up a book of Power and begin reading...
 58234 | Depths:1 | Reached skill level 21 in Fighting
 58320 | Depths:1 | Received a gift from Okawaru
 58393 | Depths:1 | Found a one-way gate to the infinite horrors of the Abyss.
 58507 | Depths:1 | Found a gateway to Hell.
 58598 | Depths:1 | Found Mufosif's Book Shop.
 58933 | Depths:2 | Identified the +8 flail of Okawaru's Favour {vorpal, rF+
                  | rC- rN++ rCorr}
 58942 | Depths:2 | Found a one-way gate leading to the halls of Pandemonium.
 59057 | Depths:2 | Reached skill level 22 in Fighting
 59188 | Depths:2 | You pick up a book of the Warp and begin reading...
 59188 | Depths:2 | You add the spells Dispersal and Disjunction to your
                  | library.
 59212 | Depths:2 | Identified the +3 scale mail of Cadobb {rPois}
 59213 | Depths:2 | You pick up a book of Spatial Translocations and begin
                  | reading...
 59213 | Depths:2 | You add the spells Momentum Strike and Lesser Beckoning to
                  | your library.
 59418 | Depths:2 | Identified the +0 kite shield of Wottor {SInv} (Okawaru
                  | gifted it to you on level 2 of the Depths)
 59418 | Depths:2 | Received a gift from Okawaru
 59548 | Depths:2 | Found a sacrificial altar of Ru.
 59848 | Depths:3 | Found a flickering gateway to a bazaar.
 59856 | Bazaar   | Entered a bazaar
 59895 | Bazaar   | Found Syacken's Distillery.
 59928 | Bazaar   | Found Feijew's Distillery.
 59950 | Bazaar   | Found Hucomicw's Magic Scroll Emporium.
 59976 | Bazaar   | Found Zoipp's Magic Scroll Emporium.
 59989 | Bazaar   | Bought a scroll of enchant armour for 112 gold pieces
 59989 | Bazaar   | Bought a scroll of enchant armour for 112 gold pieces
 59989 | Bazaar   | Bought a scroll of fear for 60 gold pieces
 60009 | Bazaar   | Bought a scroll of fog for 40 gold pieces
 60009 | Bazaar   | Bought a scroll of enchant weapon for 75 gold pieces
 60009 | Bazaar   | Bought a scroll of fog for 40 gold pieces
 60024 | Bazaar   | Bought a potion of heal wounds for 55 gold pieces
 60024 | Bazaar   | Bought a potion of heal wounds for 55 gold pieces
 60054 | Bazaar   | Bought a potion of mutation for 56 gold pieces
 60054 | Bazaar   | Bought a potion of heal wounds for 35 gold pieces
 60158 | Depths:3 | Lost mutation: You are frail. (-10% HP) [hidden potential]
 60174 | Depths:3 | Reached skill level 23 in Fighting
 60466 | Depths:3 | Found a bloodstained altar of Trog.
 60595 | Depths:3 | Found a one-way gateway to a ziggurat.
 60713 | Depths:3 | Found Big Baal Hell's Store.
 61302 | Depths:3 | Reached XP level 27. HP: 166/169 MP: 40/40
 61315 | Depths:4 | Entered Level 4 of the Depths
 61803 | Depths:4 | Reached skill level 24 in Fighting
 61822 | Depths:4 | Identified the +1 plate armour of Supple Strength {Contam
                  | +Blink rF+ rN+} (Okawaru gifted it to you on level 4 of the
                  | Depths)
 61822 | Depths:4 | Received a gift from Okawaru
 61837 | Depths:4 | HP: 52/230 [spriggan air mage/the air (19)]
 61841 | Depths:4 | HP: 25/230 [stone giant (2)]
 61842 | Depths:4 | HP: 5/230 [stone giant (20)]
 61847 | Depths:4 | HP: 39/230 [spriggan air mage (9)]
 61853 | Depths:4 | HP: 55/230 [spriggan air mage/the air (3)]
 62371 | Depths:4 | Found a gate to the Realm of Zot.
 62494 | Depths:4 | Found a runed translucent gate.
 62494 | Depths:4 | Found a runed translucent gate.
 62494 | Depths:4 | Found a runed translucent gate.
 62497 | Depths:4 | Noticed Affoawku's ghost (adept DsBe)
 62539 | Depths:4 | Killed Affoawku's ghost
 62541 | Depths:4 | Reached skill level 25 in Fighting
 62558 | Depths:4 | Identified the ring "Garug" {rF+ rC+ Str+3 Slay+4}
 63226 | Zig:1    | Entered Level 1 of a ziggurat
 63249 | Zig:2    | Entered Level 2 of a ziggurat
 63272 | Zig:3    | Entered Level 3 of a ziggurat
 63296 | Zig:3    | Identified the ring of Baeqisyh {Contam Will+++ Str+6 Int+5
                  | Dex-5}
 63387 | Zig:4    | Entered Level 4 of a ziggurat
 63410 | Zig:4    | You pick up a book of the Tundra and begin reading...
 63410 | Zig:4    | You add the spells Hailstorm and Ice Form to your library.
 63618 | Zig:5    | Entered Level 5 of a ziggurat
 63629 | Zig:5    | Reached skill level 1 in Dodging
 63637 | Zig:5    | Reached skill level 2 in Dodging
 63686 | Zig:5    | Identified the +7 short sword "Hoak" {flame, Str+3}
 63691 | Zig:5    | Identified the +8 flail of Integrity {antimagic, rPois
                  | Int+2 Dex+3}
 63698 | Zig:6    | Entered Level 6 of a ziggurat
 63705 | Zig:6    | Noticed an ancient lich
 63736 | Zig:6    | Killed an ancient lich
 63737 | Zig:6    | Reached skill level 3 in Dodging
 63745 | Zig:6    | Reached skill level 4 in Dodging
 63757 | Zig:6    | You pick up a book of Flames and begin reading...
 63760 | Zig:6    | You add the spells Beastly Appendage and Fire Storm to your
                  | library.
 63760 | Zig:6    | Got the Vademecum on Charred Transmigration
 63775 | Zig:7    | Entered Level 7 of a ziggurat
 63801 | Zig:7    | Noticed Yxtidelu the pandemonium lord
 63802 | Zig:7    | Noticed a Killer Klown
 63821 | Zig:7    | Killed Yxtidelu the pandemonium lord
 63822 | Zig:7    | Reached skill level 5 in Dodging
 63829 | Zig:7    | Killed a Killer Klown
 63840 | Zig:7    | Got the Verses on Combat Magic
 63848 | Zig:7    | Identified the amulet "Bur Xau" {RegenMP rPois}
 63866 | Zig:7    | Identified the +11 mace "Reushraow" {freeze, Int+3}
 63871 | Zig:8    | Entered Level 8 of a ziggurat
 63889 | Zig:8    | Reached skill level 6 in Dodging
 63890 | Zig:8    | Gained mutation: Your magical capacity is low. (-10% MP) [a
                  | shining eye]
 63899 | Zig:8    | Gained mutation: You possess an exceptional clarity of
                  | mind. [hidden potential]
 63899 | Zig:8    | Lost mutation: You have hidden genetic potential. [hidden
                  | potential expressed]
 63971 | Zig:8    | Identified the +7 battleaxe of Wyrd {speed, rElec Str+4
                  | Int+3}
 63993 | Zig:8    | Identified a +0 crystal plate armour
 64000 | Zig:9    | Entered Level 9 of a ziggurat
 64021 | Zig:9    | Identified the +1 plate armour of Hubris {rF++ Will++
                  | Str-4} (Okawaru gifted it to you on level 9 of a ziggurat)
 64021 | Zig:9    | Received a gift from Okawaru
 64027 | Zig:9    | Reached skill level 7 in Dodging
 64333 | Zig:9    | You pick up a book of Touch and begin reading...
 64370 | Zig:10   | Entered Level 10 of a ziggurat
 64386 | Zig:10   | Gained mutation: You are partially covered in iridescent
                  | scales. (AC +2) [a shining eye]
 64396 | Zig:10   | Reached skill level 8 in Dodging
 64409 | Zig:10   | Gained mutation: You occasionally lose the ability to read
                  | scrolls when taking damage. [a shining eye]
 64414 | Zig:10   | Gained mutation: Your magical capacity is very low. (-20%
                  | MP) [a shining eye]
 64418 | Zig:10   | Gained mutation: You are dopey. (Int -2) [a shining eye]
 64615 | Zig:10   | Identified a potion of experience
 64616 | Zig:10   | Reached skill level 9 in Dodging
 64679 | Zig:10   | Identified the ring "Qeidio" {rElec Will+ MP+9}
 64688 | Zig:10   | Reached skill level 11 in Dodging
 64699 | Zig:11   | Entered Level 11 of a ziggurat
 64724 | Zig:11   | Gained mutation: Potions are less effective at restoring
                  | your health. [a cacodemon]
 64759 | Zig:11   | Reached skill level 12 in Dodging
 64764 | Zig:11   | Identified the +3 broad axe of the Apocalypse {protect,
                  | *Noise rPois rF+ Dex+4 Stlth+}
 64766 | Zig:11   | You add the spells Wereblood, Irradiate and Storm Form to
                  | your library.
 64766 | Zig:11   | Got the Folio of Shapes
 64767 | Zig:11   | Identified the +2 flail "Giantslayer" {vorpal, rElec}
 64988 | Zig:12   | Entered Level 12 of a ziggurat
 65018 | Zig:12   | Reached skill level 13 in Dodging
 65079 | Zig:12   | Identified the ring "Xamattim" {Will+ Int+2 Dex+6}
 65084 | Zig:12   | Identified the ring "Moudav Xucse" {rF+ rC+++ rCorr Str-4}
 65111 | Zig:13   | Entered Level 13 of a ziggurat
 65334 | Zig:13   | Reached skill level 14 in Dodging
 65421 | Zig:13   | Identified the +9 whip of Darutang {pain, Fly rPois rC+}
 65482 | Zig:14   | Entered Level 14 of a ziggurat
 65489 | Zig:14   | Noticed an electric golem
 65510 | Zig:14   | Identified the +3 ring mail of Gateynir {Rampage Drain
                  | Int+6} (Okawaru gifted it to you on level 14 of a ziggurat)
 65510 | Zig:14   | Received a gift from Okawaru
 65512 | Zig:14   | HP: 55/242 [spore (7)]
 65516 | Zig:14   | Killed an electric golem
 65516 | Zig:14   | HP: 22/242 [spore (6)]
 65518 | Zig:14   | HP: 2/242 [storm dragon/bolt of lightning (12)]
 65779 | Zig:14   | magus.rc [v1.9.6]
 65861 | Zig:14   | Identified the +8 shortbow of the Hurting Stork {freeze,
                  | Drain rElec Int+2}
 65868 | Zig:15   | Entered Level 15 of a ziggurat
 65879 | Zig:15   | Noticed Qiywkoxu's ghost (legendary DjVM)
 65880 | Zig:15   | Noticed Zachydoop's ghost (veteran MiGl)
 65880 | Zig:15   | Noticed Heartburn's ghost (veteran MiFi)
 65881 | Zig:15   | Noticed Ikusitist's ghost (legendary NaFE)
 65881 | Zig:15   | Noticed Likado's ghost (legendary GnSk)
 65884 | Zig:15   | Noticed FizzleBangTC's ghost (master MeEE)
 65884 | Zig:15   | Noticed Fexazias's ghost (legendary DEAE)
 65889 | Zig:15   | Killed Qiywkoxu's ghost
 65889 | Zig:15   | Noticed WeeknightWizard's ghost (veteran DEFE)
 65890 | Zig:15   | Reached skill level 15 in Dodging
 65890 | Zig:15   | Noticed a curse skull
 65893 | Zig:15   | Killed Heartburn's ghost
 65894 | Zig:15   | Noticed Hewasun's ghost (legendary MiBe)
 65912 | Zig:15   | Killed Zachydoop's ghost
 65913 | Zig:15   | Killed Fexazias's ghost
 65914 | Zig:15   | Killed a curse skull
 65925 | Zig:15   | Killed Likado's ghost
 65930 | Zig:15   | Killed Ikusitist's ghost
 65932 | Zig:15   | Killed WeeknightWizard's ghost
 65934 | Zig:15   | Killed FizzleBangTC's ghost
 65935 | Zig:15   | Reached skill level 16 in Dodging
 65945 | Zig:15   | Killed Hewasun's ghost
 65970 | Zig:15   | Identified the ring "Poxoqurgh" {rF+ rC+ Str+2}
 65976 | Zig:15   | Reached skill level 17 in Dodging
 65977 | Zig:15   | Identified the +1 pair of gloves of Cyidenn {Rampage rC++
                  | Str-2}
 65988 | Zig:15   | Identified the +10 arbalest "Plojy" {vorpal, Dex+6}
 66180 | Depths:3 | magus.rc [v1.9.6]
 66180 | Depths:3 | magus.rc [v1.9.6]
 66234 | Depths:4 | Voluntarily entered the Abyss.
 66461 | Abyss:3  | Gained mutation: You do not regenerate when monsters are
                  | visible. [a neqoxec]
 66565 | Abyss:3  | Reached skill level 18 in Dodging
 66630 | Abyss:3  | Identified the +0 chain mail "Axzovodd" {rF+++} (Okawaru
                  | gifted it to you on level 3 of the Abyss)
 66630 | Abyss:3  | Received a gift from Okawaru
 66992 | Abyss:4  | Reached skill level 21 in Armour
 67009 | Abyss:4  | Noticed a pearl dragon
 67019 | Abyss:4  | Killed a pearl dragon
 67019 | Abyss:4  | Identified +0 pearl dragon scales
 67047 | Abyss:4  | HP: 53/242 [starcursed mass/accursed screaming (9)]
 67058 | Abyss:4  | HP: 47/242 [starcursed mass/accursed screaming (6)]
 67087 | Abyss:4  | HP: 34/242 [starcursed mass/accursed screaming (4)]
 67092 | Abyss:4  | HP: 22/242 [starcursed mass/accursed screaming (5)]
 67098 | Abyss:4  | Lost mutation: You are partially covered in iridescent
                  | scales. (AC +2) [potion of mutation]
 67098 | Abyss:4  | Lost mutation: You occasionally lose the ability to read
                  | scrolls when taking damage. [potion of mutation]
 67098 | Abyss:4  | Lost mutation: You do not regenerate when monsters are
                  | visible. [potion of mutation]
 67098 | Abyss:4  | Gained mutation: You have large cloven feet. [potion of
                  | mutation]
 67098 | Abyss:4  | Gained mutation: Your movements are slightly less
                  | encumbered by armour. (ER -2) [potion of mutation]
 67098 | Abyss:4  | Gained mutation: Your muscles are very strong. (Str +8,
                  | Int/Dex -2) [potion of mutation]
 67116 | Arena    | Entered the Arena
 67210 | Abyss:4  | HP: 25/169 [raiju/living lightning (2)]
 67237 | Abyss:4  | HP: 31/217 [lurking horror (6)]
 67566 | Abyss:4  | Reached skill level 22 in Armour
 67637 | Abyss:4  | Noticed a dread lich
 67657 | Abyss:4  | Killed a dread lich
 67658 | Abyss:4  | HP: 54/242 [starcursed mass/accursed screaming (8)]
 67669 | Abyss:4  | HP: 47/242 [starcursed mass/accursed screaming (7)]
 67671 | Depths:4 | You pass through the gate.
 67671 | Depths:4 | Escaped the Abyss
 68031 | Depths:4 | Voluntarily entered the Abyss.
 68031 | Abyss:4  | Found a corrupted altar of Lugonu.
 68073 | Abyss:4  | Noticed an ancient lich
 68083 | Abyss:4  | Killed an ancient lich
 68084 | Abyss:4  | Reached skill level 23 in Armour
 68144 | Abyss:4  | Found a corrupted altar of Lugonu.
 68239 | Abyss:5  | Found a corrupted altar of Lugonu.
 68282 | Abyss:5  | Found a corrupted altar of Lugonu.
 68374 | Abyss:5  | Identified the +0 pair of gloves of Itricuc {rPois}
                  | (Okawaru gifted it to you on level 5 of the Abyss)
 68374 | Abyss:5  | Received a gift from Okawaru
 68375 | Abyss:5  | Found a corrupted altar of Lugonu.
 68393 | Abyss:5  | Reached skill level 24 in Armour
 68500 | Abyss:5  | Gained mutation: Armour fits poorly on your strangely
                  | shaped body. [a neqoxec]
 68507 | Abyss:5  | Gained mutation: Your magical capacity is extremely low.
                  | (-30% MP) [a neqoxec]
 68593 | Abyss:5  | Reached skill level 25 in Armour
 68661 | Abyss:5  | HP: 60/242 [raiju/living lightning (5)]
 68671 | Depths:4 | You pass through the gate.
 68671 | Depths:4 | Escaped the Abyss
 69388 | Depths:4 | Voluntarily entered the Abyss.
 69425 | Abyss:5  | Found a transporter.
 69436 | Abyss:5  | Noticed a dread lich
 69483 | Abyss:5  | Killed a dread lich
 69489 | Abyss:5  | Found a transporter.
 69492 | Abyss:5  | Found a transporter.
 69496 | Abyss:5  | Got an abyssal rune of Zot
 69498 | Abyss:5  | Found a transporter.
 69517 | Abyss:5  | Reached skill level 26 in Fighting
 69526 | Abyss:5  | Identified the +5 crystal plate armour of the Stone Wall
                  | {rPois Int+2 SInv} (Okawaru gifted it to you on level 5 of
                  | the Abyss)
 69526 | Abyss:5  | Received a gift from Okawaru
 69531 | Abyss:5  | HP: 61/245 [bone dragon (3)]
 69532 | Abyss:5  | HP: 28/245 [starcursed mass/accursed screaming (16)]
 69534 | Abyss:5  | HP: 11/245 [red very ugly thing (9)]
 69535 | Arena    | Entered the Arena
 69542 | Arena    | Lost mutation: Potions are less effective at restoring your
                  | health. [potion of mutation]
 69542 | Arena    | Lost mutation: Your movements are slightly less encumbered
                  | by armour. (ER -2) [potion of mutation]
 69542 | Arena    | Lost mutation: Your magical capacity is extremely low.
                  | (-30% MP) [potion of mutation]
 69542 | Arena    | Gained mutation: Your system is resistant to poisons.
                  | (rPois) [potion of mutation]
 69690 | Abyss:5  | HP: 56/245 [smoke demon/divine providence (10)]
 69693 | Abyss:5  | HP: 27/245 [spatial maelstrom (10)]
 69694 | Depths:4 | You pass through the gate.
 69694 | Depths:4 | Escaped the Abyss
 70210 | Depths:4 | Lost mutation: You are very clumsy. (Dex -4) [potion of
                  | mutation]
 70210 | Depths:4 | Lost mutation: Your magical capacity is very low. (-20% MP)
                  | [potion of mutation]
 70210 | Depths:4 | Gained mutation: You have hoof-like feet. [potion of
                  | mutation]
 70210 | Depths:4 | Gained mutation: You occasionally lose the ability to read
                  | scrolls when taking damage. [potion of mutation]
 70210 | Depths:4 | Gained mutation: Your flesh is cold resistant. (rC+)
                  | [potion of mutation]
 70211 | Depths:4 | Lost mutation: Your magical capacity is low. (-10% MP)
                  | [potion of mutation]
 70211 | Depths:4 | Lost mutation: Your flesh is cold resistant. (rC+) [potion
                  | of mutation]
 70211 | Depths:4 | Lost mutation: Your muscles are very strong. (Str +8,
                  | Int/Dex -2) [potion of mutation]
 70212 | Depths:4 | Lost mutation: You are clumsy. (Dex -2) [potion of
                  | mutation]
 70212 | Depths:4 | Lost mutation: You possess an exceptional clarity of mind.
                  | [potion of mutation]
 70212 | Depths:4 | Lost mutation: Your system is resistant to poisons. (rPois)
                  | [potion of mutation]
 70212 | Depths:4 | Gained mutation: You are strong-willed. (Will+) [potion of
                  | mutation]
 70213 | Depths:4 | Lost mutation: You have hoof-like feet. [potion of
                  | mutation]
 70213 | Depths:4 | Lost mutation: Your muscles are strong. (Str +4, Int/Dex
                  | -1) [potion of mutation]
 70214 | Depths:4 | Lost mutation: You occasionally lose the ability to read
                  | scrolls when taking damage. [potion of mutation]
 70214 | Depths:4 | Lost mutation: You have large cloven feet. [potion of
                  | mutation]
 70214 | Depths:4 | Lost mutation: You are dopey. (Int -2) [potion of mutation]
 70215 | Depths:4 | Lost mutation: You are strong-willed. (Will+) [potion of
                  | mutation]
 70215 | Depths:4 | Lost mutation: Armour fits poorly on your strangely shaped
                  | body. [potion of mutation]
 70215 | Depths:4 | Gained mutation: You are dopey. (Int -2) [potion of
                  | mutation]
 70215 | Depths:4 | Gained mutation: You are partially covered in iridescent
                  | scales. (AC +2) [potion of mutation]
 70359 | Hell     | Entered the Vestibule of Hell
 70359 | Hell     | Noticed Geryon
 70387 | Hell     | Killed Geryon
 70414 | Hell     | Reached skill level 27 in Fighting
 70775 | Elf:1    | Bought a scroll of acquirement for 884 gold pieces
 70775 | Elf:1    | Acquired 462 gold pieces
 71059 | Hell     | Found a gateway to the freezing wastes of Cocytus.
 71184 | Hell     | Found a gateway to the Iron City of Dis.
 71451 | Hell     | Found a gateway to the decaying netherworld of Tartarus.
 71465 | Hell     | Reached skill level 26 in Armour
 71535 | Hell     | Found a gateway to the ashen valley of Gehenna.
 71711 | Tar:1    | Entered Level 1 of Tartarus
 72553 | Tar:2    | Identified the +4 hand axe "Horaga" {antimagic, rF+ rC+
                  | Will+ rCorr} (Okawaru gifted it to you on level 2 of
                  | Tartarus)
 72553 | Tar:2    | Received a gift from Okawaru
 73281 | Tar:3    | You fall into a shaft and drop 1 floor!
 73294 | Tar:4    | Reached skill level 27 in Armour
 73681 | Tar:4    | Reached skill level 21 in Shields
 74635 | Tar:6    | Identified the +1 robe of the Dwarven Hall {rPois rC-
                  | Regen+ rCorr} (Okawaru gifted it to you on level 6 of
                  | Tartarus)
 74635 | Tar:6    | Received a gift from Okawaru
 74651 | Tar:6    | HP: 56/228 [??? (21)]
 75260 | Tar:7    | Entered Level 7 of Tartarus
 75275 | Tar:7    | Reached skill level 22 in Shields
 75459 | Tar:7    | Reached skill level 23 in Shields
 75742 | Tar:7    | Noticed Ereshkigal
 75746 | Arena    | Entered the Arena
 75764 | Arena    | Killed Ereshkigal
 75817 | Tar:7    | Reached skill level 24 in Shields
 75822 | Tar:7    | HP: 61/245 [poison (dark miasma)]
 75823 | Tar:7    | HP: 30/245 [putrid mouth/foul vapour[a doom hound] (14)]
 75830 | Tar:7    | Got a bone rune of Zot
 75845 | Tar:7    | HP: 33/249 [bone dragon (6)]
 75861 | Tar:7    | HP: 35/249 [poisoned by a tainted leviathan (dark miasma)]
 75866 | Tar:7    | HP: 31/249 [something (2)]
 75881 | Tar:7    | HP: 26/249 [bone dragon[a doom hound] (5)]
 75893 | Arena    | Entered the Arena
 75925 | Tar:7    | HP: 57/249 [tainted leviathan] (3)]
 75930 | Tar:7    | Identified the +4 battleaxe "Wipseg" {drain, rElec rCorr
                  | Stlth-} (Okawaru gifted it to you on level 7 of Tartarus)
 75930 | Tar:7    | Received a gift from Okawaru
 75930 | Tar:7    | HP: 44/249 [poisoned by a tainted leviathan (dark miasma)]
 75943 | Tar:7    | HP: 42/249 [tainted leviathan] (1)]
 75948 | Tar:7    | HP: 24/249 [something (2)]
 75949 | Tar:7    | Reached skill level 25 in Shields
 75962 | Tar:7    | HP: 33/249 [reaper/+2 scythe of freezing[a doom hound] (2)]
 76726 | Vaults:5 | Bought a potion of heal wounds for 115 gold pieces
 76726 | Vaults:5 | Bought a potion of heal wounds for 115 gold pieces
 76726 | Vaults:5 | Bought a potion of curing for 69 gold pieces
 76726 | Vaults:5 | Bought a potion of heal wounds for 115 gold pieces
 76726 | Vaults:5 | Bought a potion of heal wounds for 115 gold pieces
 76754 | Vaults:5 | Bought a potion of mutation for 120 gold pieces
 76754 | Vaults:5 | Bought a potion of heal wounds for 75 gold pieces
 76754 | Vaults:5 | Bought a potion of curing for 45 gold pieces
 76754 | Vaults:5 | Bought a potion of heal wounds for 75 gold pieces
 76754 | Vaults:5 | Bought a potion of cancellation for 120 gold pieces
 76754 | Vaults:5 | Bought a scroll of magic mapping for 112 gold pieces
 77074 | Orc:2    | Bought a potion of invisibility for 200 gold pieces
 77074 | Orc:2    | Bought a scroll of fog for 100 gold pieces
 77074 | Orc:2    | Bought a scroll of enchant armour for 187 gold pieces
 77074 | Orc:2    | Bought a smoking ring mail for 225 gold pieces
 77074 | Orc:2    | Identified the +0 ring mail of the Bulwark {rElec Int+2}
                  | (You bought it in a shop on level 2 of the Orcish Mines)
 77697 | Snake:1  | Killed Ammimmimomm's ghost
 77703 | Snake:1  | Identified the amulet of Ceoj {Spirit *Slow rC+++ Slay+3
                  | Stlth+}
 77967 | Geh:1    | Entered Level 1 of Gehenna
 78226 | Geh:3    | Reached skill level 26 in Shields
 78736 | Geh:4    | You fall into a shaft and drop 2 floors!
 79089 | Geh:6    | Noticed an ancient lich
 79094 | Geh:6    | Killed an ancient lich
 79095 | Geh:6    | Reached skill level 27 in Shields
 79095 | Geh:6    | Reached skill level 1 in Evocations
 79096 | Geh:6    | Noticed an ancient lich
 79099 | Geh:6    | Noticed an ancient lich
 79101 | Geh:6    | Killed an ancient lich
 79102 | Geh:6    | Reached skill level 2 in Evocations
 79102 | Geh:6    | Noticed a dread lich
 79104 | Geh:6    | Noticed a dread lich
 79111 | Geh:6    | Killed an ancient lich
 79112 | Geh:6    | Reached skill level 3 in Evocations
 79112 | Geh:6    | Noticed a dread lich
 79113 | Geh:6    | Killed a dread lich
 79114 | Geh:6    | Reached skill level 4 in Evocations
 79121 | Geh:6    | Reached skill level 5 in Evocations
 79122 | Geh:6    | Killed a dread lich
 79126 | Geh:6    | Reached skill level 6 in Evocations
 79139 | Geh:6    | Killed a dread lich
 79151 | Geh:6    | Received a gift from Okawaru
 79152 | Geh:6    | Reached skill level 7 in Evocations
 79629 | Geh:7    | Entered Level 7 of Gehenna
 79948 | Geh:7    | Reached skill level 8 in Evocations
 80156 | Geh:7    | Reached skill level 9 in Evocations
 80194 | Geh:7    | Reached skill level 10 in Evocations
 80201 | Geh:7    | HP: 47/249 [hellion/damnation (28)]
 80206 | Geh:7    | HP: 17/249 [hellion/damnation (22)]
 80208 | Geh:7    | Killed from afar by a hellion

Vanquished Creatures
  the Royal Jelly (Arena)
  Ereshkigal (Arena)
  The ghost of Ikusitist the Infernalist, a legendary NaFE of Cheibriados (Zig:15)
  The ghost of FizzleBangTC the Sorcerer, a master MeEE of Ashenzari (Zig:15)
  7 ancient liches
  7 dread liches
  The ghost of Hewasun the Conqueror, a legendary MiBe of the Shining One (Zig:15)
  The ghost of Fexazias the Cloud Mage, a legendary DEAE of Vehumet (Zig:15)
  The ghost of Likado the Gnoll Barricade, a legendary GnSk of the Shining One (Zig:15)
  Mara (Vaults:2)
  The ghost of Qiywkoxu the Sorcerer, a legendary DjVM of Ashenzari (Zig:15)
  The ghost of Zachydoop the Slayer, a veteran MiGl of Makhleb (Zig:15)
  A pandemonium lord (Zig:7)
  Sojobo (Vaults:3)
  Margery (Vaults:4)
  The ghost of WeeknightWizard the Sorcerer, a veteran DEFE of Vehumet (Zig:15)
  A Killer Klown (Zig:7)
  The ghost of Heartburn the Minotaur Barricade, a veteran MiFi of Okawaru (Zig:15)
  The ghost of Jiaf the Hoplite, a veteran HOFi of Qazlal (Vaults:3)
  Geryon (Hell)
  Xtahua (Vaults:2)
  4 golden dragons
  6 profane servitors
  15 doom hounds
  A pearl dragon (Abyss:4)
  10 Tzitzimimeh
  An electric golem (Zig:14)
  8 hellephants
  6 Brimstone Fiends
  36 bone dragons
  8 tentacled monstrosities
  The ghost of Affoawku the Black Belt, an adept DsBe of Trog (Depths:4)
  Mlioglotl (Snake:1)
  Rupert (Lair:3)
  2 walking crystal tomes
  Zenata (Vaults:3)
  10 searing wretches
  A walking divine tome (Abyss:5)
  8 titans
  A shard shrike skeleton (Abyss:5)
  5 liches
  15 tainted leviathans
  The ghost of Dogag the Slicer, an adept DgIE (Vaults:3)
  The ghost of Ymuwoet the Thaumaturge, an adept DjHW of Ru (Vaults:3)
  3 deep elf master archers
  3 deep elf blademasters
  4 quicksilver dragons
  12 sphinxes
  22 acid blobs
  An Executioner (Abyss:5)
  26 tentacled starspawn
  Frances (Snake:2)
  Gastronok (Lair:3)
  2 revenants
  Kirke (D:13)
  A thorn hunter (Swamp:2)
  3 ancient champions (Zig:6)
  11 shadow dragons
  The ghost of Ammimmimomm the Spry, an adept MfGl of Trog (Snake:1)
  A rockslime (shapeshifter) (Vaults:5)
  18 rockslimes
  13 storm dragons
  11 tengu reavers
  A draconian knight (Zig:4)
  7 nagarajas
  15 azure jellies
  A fenstrider witch (Swamp:4)
  3 cacodemons
  A daeva (Abyss:5)
  2 draconian scorchers
  21 fire giants
  14 deep elf sorcerers
  13 balrugs
  7 frost giants
  The ghost of Katsezxo the Tortoise, a journeyman FoFi of Okawaru (Orc:1)
  A ghost moth (shapeshifter) (Vaults:5)
  2 orc warlords (Vaults:3)
  Louise (D:14)
  2 juggernaut zombies (Abyss:5)
  A curse skull (Zig:15)
  3 spectral caustic shrikes
  Aizul (Snake:1)
  16 vault wardens
  2 angels
  2 spriggan defenders
  A caustic shrike skeleton (Abyss:4)
  19 ironbound preservers
  5 war gargoyles
  2 deep elf elementalists (Elf:3)
  2 draconian annihilators (Abyss:5)
  24 quicksilver oozes
  7 ironbound thunderhulks
  12 stone giants
  2 draconian stormcallers
  47 very ugly things
  11 reapers
  2 ophanim (Abyss:4)
  An eleionoma (Swamp:4)
  A broodmother (shapeshifter) (Depths:1)
  4 lorocyprocas
  6 deep elf demonologists
  16 dire elephants
  14 putrid mouths
  A green draconian (Depths:4)
  A purple draconian (Zig:4)
  7 bunyips
  2 spark wasps (Zig:14)
  5 vampire knights
  3 spectral titans
  15 deep elf annihilators
  2 red draconians
  A white draconian (Abyss:5)
  5 blizzard demons
  12 eidola
  2 deep elf death magi (Elf:3)
  A spectral quicksilver dragon (Tar:6)
  An iron golem (Hell)
  A jiangshi (Zig:2)
  14 ettins
  A green death (Abyss:4)
  A crystal guardian (Vaults:3)
  4 fire dragons
  Snorg (D:14)
  Josephine (D:13)
  4 shambling mangroves
  An entropy weaver (Vaults:1)
  12 great orbs of eyes
  8 deep elf high priests
  15 yaktaur captains
  3 spectral spriggans
  A spriggan zombie (Abyss:4)
  2 peacekeepers
  5 rakshasas
  17 hydras
  A hell beast (Hell)
  The ghost of ragingrage the Fencer, a journeyman MfCK of Xom (D:11)
  19 salamander tyrants
  2 spriggan skeletons
  2 ogre magi
  7 ice dragons
  8 spriggan air magi
  An anaconda (shapeshifter) (Depths:2)
  A death knight (D:15)
  35 vault guards
  9 ironbound frosthearts
  19 centaur warriors
  A ghost crab (Zig:15)
  8 alligators
  10 anacondas
  5 boulder beetles
  A satyr (Zig:5)
  22 hell hogs
  6 stokers
  36 dancing weapons
  4 deep troll shamans
  14 naga warriors
  7 two-headed ogres
  11 naga sharpshooters
  5 tengu warriors
  6 deep troll earth magi
  19 thrashing horrors
  A titan zombie (Abyss:5)
  30 hell knights
  2 spectral nagas
  2 spriggan berserkers (Depths:4)
  9 sun demons (Hell)
  15 shock serpents
  7 soul eaters
  4 orc high priests (Orc:2)
  2 spectral dire elephants
  24 deep elf knights
  22 wretched stars
  2 skeletal warriors (Vaults:2)
  2 sixfirhies (Abyss:4)
  13 shadow wraiths
  7 salamander mystics
  A spectral bunyip (Tar:1)
  7 iron trolls
  A titan skeleton (Hell)
  7 goliath frogs
  A spectral anaconda (Tar:4)
  2 anaconda zombies (Hell)
  A deep troll (shapeshifter) (Vaults:5)
  5 spriggan druids
  3 spatial maelstroms
  11 swamp dragons
  7 naga ritualists
  4 bog bodies
  44 deep trolls
  An orb spider (Abyss:5)
  14 deep elf archers
  2 obsidian statues (Zig:10)
  5 glowing orange brains
  A glowing orange brain (shapeshifter) (Zig:7)
  3 wizards
  88 starcursed masses
  4 phantasmal warriors
  2 flayed ghosts
  2 orange crystal statues (Zig:10)
  A lindwurm (shapeshifter) (Vaults:5)
  A spectral hydra (Tar:1)
  15 lindwurms
  An iron giant skeleton (Abyss:5)
  A spriggan simulacrum (Abyss:5)
  32 deep elf zephyrmancers
  17 necromancers
  41 ugly things
  6 mana vipers
  4 harpies (Vaults:4)
  23 ironbound convokers
  A glowing shapeshifter (Vaults:5)
  A wolf spider (D:15)
  14 orc knights
  5 orc sorcerers
  36 deep elf pyromancers
  A spectral fire dragon (Tar:1)
  An oklob plant (Snake:4)
  4 spectral ettins
  3 manticores
  2 cyclopes (shapeshifter)
  8 shining eyes
  3 draconians (Abyss:5)
  2 moths of wrath (Orc:1)
  A faun (Zig:5)
  6 cyclopes
  2 moths of wrath (shapeshifter) (Vaults:5)
  20 salamanders
  4 will-o-the-wisps
  4 worldbinders
  2 sphinx skeletons
  A stone giant skeleton (Vaults:1)
  A spectral alligator snapping turtle (Tar:1)
  A spectral centaur (Tar:1)
  2 ice statues (Hell)
  23 vault sentinels
  12 elephants
  6 guardian serpents
  A rust devil (Hell)
  2 apocalypse crabs
  41 black mambas
  15 molten gargoyles
  A torpor snail (Lair:3)
  22 naga magi
  2 naga skeletons
  22 smoke demons
  8 cane toads
  4 eyes of devastation
  2 kobold demonologists
  A komodo dragon (shapeshifter) (D:14)
  A demonic crawler (Hell)
  A cane toad (shapeshifter) (Vaults:5)
  4 orange demons (Abyss:4)
  38 yaktaurs
  A bunyip simulacrum (Hell)
  7 freezing wraiths
  16 tormentors
  A centaur skeleton (Hell)
  9 hellions
  An ice devil (Hell)
  2 unseen horrors
  An alligator snapping turtle skeleton (Abyss:3)
  11 komodo dragons
  An unseen horror (shapeshifter) (Zig:12)
  5 efreet
  5 rime drakes
  A golden dragon simulacrum (Depths:1)
  A sea snake zombie (Hell)
  3 tengu conjurers
  A red devil (Hell)
  2 hellwings (Abyss:4)
  3 spectral harpies
  A polar bear (Lair:2)
  5 trolls
  14 ancient zymes
  2 hydra zombies (Hell)
  9 tyrant leeches
  A merfolk (shapeshifter) (D:15)
  29 hornets
  8 blink frogs
  A shadow dragon simulacrum (Hell)
  A hydra skeleton (Hell)
  112 slime creatures
  A spectral swamp dragon (Tar:1)
  A harpy skeleton (Abyss:4)
  A dream sheep (shapeshifter) (Vaults:2)
  6 dream sheep (Lair:3)
  47 raiju
  2 alligator zombies (Hell)
  A frost giant simulacrum (Vaults:1)
  An iron dragon simulacrum (Depths:1)
  A black mamba zombie (Hell)
  3 ettin skeletons
  8 wraiths
  8 air elementals
  42 yaks
  A jumping spider (shapeshifter) (Vaults:3)
  3 shadows
  4 wyverns
  2 flying skulls
  14 water elementals
  A fire bat (Abyss:5)
  A spriggan (shapeshifter) (Abyss:3)
  15 spriggans
  5 ynoxinuls
  11 golden eyes
  54 large abominations
  7 humans (D:13)
  4 chaos spawn
  9 fire elementals
  11 neqoxecs
  A redback (Vaults:1)
  19 vampire mosquitoes
  3 basilisks
  2 steam dragons
  3 harpy simulacra
  18 swamp worms
  46 nagas
  A sea snake simulacrum (Hell)
  3 acid dragons
  9 wargs
  24 small abominations
  A hydra simulacrum (Hell)
  3 floating eyes
  8 hell hounds
  15 water moccasins
  12 swamp drakes
  31 orc warriors
  2 sky beasts
  3 black bears
  An ettin simulacrum (Vaults:1)
  An ice beast (D:7)
  6 ogres
  11 centaurs
  A boggart (shapeshifter) (D:14)
  12 kobold brigands
  Blork the orc (D:6)
  9 bullfrogs
  2 gnoll sergeants
  A scorpion (D:5)
  6 earth elementals
  21 wights
  19 killer bees
  3 howler monkeys
  2 electric eels (Lair:2)
  4 crimson imps (Abyss:4)
  A hound (D:5)
  3 jellies
  5 lava snakes (Lair:5)
  A quasit (Abyss:4)
  An iron imp (Abyss:4)
  Crazy Yiuf (D:5)
  A gnoll bouda (D:7)
  10 orc priests
  15 orc wizards
  9 hell rats
  22 gnolls
  8 adders
  A shadow imp (Abyss:4)
  3 white imps (Abyss:4)
  3 ufetubi
  3 dart slugs
  68 orcs
  4 ball pythons (D:1)
  4 endoplasms
  3 giant cockroaches
  9 goblins
  4 hobgoblins
  2 jackals (D:4)
  25 kobolds
  2 quokkas
  3 bats
  5 frilled lizards
  4 rats
  A bush (Lair:2)
  A creeping inferno (Geh:7)
  8 fire vortices
  35 starspawn tentacles
2931 creatures vanquished.

Vanquished Creatures (others)
  Nikola (Swamp:1)
  An ironbound thunderhulk (Vaults:4)
  A black draconian (Depths:4)
  A bunyip (Swamp:1)
  An eidolon (Zig:15)
  An anaconda (Snake:4)
  An alligator (Swamp:4)
  2 dancing weapons
  A hell hog (Abyss:4)
  2 deep elf knights (Elf:2)
  A spatial maelstrom (Abyss:5)
  A deep elf zephyrmancer (Elf:1)
  A deep elf archer (Elf:3)
  A deep elf pyromancer (Elf:3)
  An eye of devastation (Abyss:3)
  An ancient zyme (Abyss:5)
  A bloated husk (Swamp:2)
  A raiju (Abyss:5)
  A large abomination (Abyss:5)
  A water elemental (Elf:3)
  2 vampire mosquitoes (Swamp:1)
  A small abomination (Abyss:5)
  A wight (Abyss:4)
  An orc wizard (D:11)
  3 ball lightnings (Zig:15)
  A bush (Lair:3)
  4 creeping infernos
  33 foxfires
  57 fungi
  4 lurking horrors
  116 plants
  38 starspawn tentacles
  3 toadstools (D:3)
286 creatures vanquished.

Grand Total: 3217 creatures vanquished

Table legend:
 A = Non-vault XP
 B = Vault XP
 C = Vault XP percentage of total XP
 D = Non-vault monster count
 E = Vault monster count
 F = Vault count percentage of total count
                 A         B        C        D         E       F
            +---------+---------+-------+---------+---------+-------
      Total | 1197006 |  732381 |  38.0 |    2015 |     860 |  29.9
            +---------+---------+-------+---------+---------+-------
        D:1 |      27 |       8 |  22.9 |      15 |       5 |  25.0
        D:2 |      11 |       0 |   0.0 |       6 |       0 |   0.0
        D:3 |      60 |       1 |   1.6 |      11 |       1 |   8.3
        D:4 |      71 |       0 |   0.0 |      15 |       0 |   0.0
        D:5 |     246 |     263 |  51.7 |      13 |      13 |  50.0
        D:6 |    1853 |     156 |   7.8 |      20 |       3 |  13.0
        D:7 |    1563 |       0 |   0.0 |      30 |       0 |   0.0
        D:8 |     474 |       0 |   0.0 |      17 |       0 |   0.0
        D:9 |    2603 |     256 |   9.0 |      25 |       9 |  26.5
       D:10 |    4280 |    1242 |  22.5 |      29 |      10 |  25.6
       D:11 |    3683 |    1947 |  34.6 |      25 |       9 |  26.5
       D:12 |    3485 |       0 |   0.0 |      13 |       0 |   0.0
       D:13 |    7014 |    2953 |  29.6 |      25 |       5 |  16.7
       D:14 |   12496 |   10354 |  45.3 |      28 |      14 |  33.3
       D:15 |    3859 |    1410 |  26.8 |       7 |       3 |  30.0
     Lair:1 |    4281 |    1919 |  31.0 |      16 |       7 |  30.4
     Lair:2 |    7442 |    1631 |  18.0 |      20 |       6 |  23.1
     Lair:3 |    5067 |    3326 |  39.6 |      26 |       2 |   7.1
     Lair:4 |    5110 |     512 |   9.1 |      15 |       2 |  11.8
     Lair:5 |    6224 |    8094 |  56.5 |      17 |      28 |  62.2
    Swamp:1 |   12951 |    1918 |  12.9 |      28 |       1 |   3.4
    Swamp:2 |   16575 |       0 |   0.0 |      37 |       0 |   0.0
    Swamp:3 |    7360 |     506 |   6.4 |      18 |       2 |  10.0
    Swamp:4 |   17846 |   13690 |  43.4 |      33 |      26 |  44.1
    Snake:1 |    9325 |    7183 |  43.5 |      23 |       9 |  28.1
    Snake:2 |   25660 |    3683 |  12.6 |      53 |       7 |  11.7
    Snake:3 |   17469 |       0 |   0.0 |      36 |       0 |   0.0
    Snake:4 |   17775 |   17130 |  49.1 |      29 |      27 |  48.2
    Slime:1 |   11932 |   14489 |  54.8 |      35 |      21 |  37.5
    Slime:2 |    4784 |       0 |   0.0 |       9 |       0 |   0.0
    Slime:3 |   11079 |       0 |   0.0 |      21 |       0 |   0.0
    Slime:4 |   17068 |    6320 |  27.0 |      28 |       5 |  15.2
    Slime:5 |    5779 |   12295 |  68.0 |       9 |      12 |  57.1
      Orc:1 |    1562 |    4088 |  72.4 |      25 |      15 |  37.5
      Orc:2 |    5374 |    7550 |  58.4 |      31 |      30 |  49.2
      Elf:1 |   28324 |    5601 |  16.5 |      50 |       9 |  15.3
      Elf:2 |   26371 |   25146 |  48.8 |      43 |      32 |  42.7
      Elf:3 |   12942 |   34045 |  72.5 |      23 |      31 |  57.4
   Vaults:1 |   26530 |   39886 |  60.1 |      43 |      60 |  58.3
   Vaults:2 |   22342 |   17795 |  44.3 |      30 |      18 |  37.5
   Vaults:3 |   33101 |   42149 |  56.0 |      45 |      37 |  45.1
   Vaults:4 |   32306 |   37063 |  53.4 |      40 |      38 |  48.7
   Vaults:5 |   31723 |  131795 |  80.6 |      39 |     117 |  75.0
   Depths:1 |   24049 |   12043 |  33.4 |      33 |      12 |  26.7
   Depths:2 |   17959 |   24033 |  57.2 |      20 |      26 |  56.5
   Depths:3 |   24747 |   28773 |  53.8 |      26 |      25 |  49.0
   Depths:4 |   27819 |   23920 |  46.2 |      31 |      21 |  40.4
       Hell |   43245 |   35001 |  44.7 |      65 |      44 |  40.4
      Geh:1 |    6899 |       0 |   0.0 |       6 |       0 |   0.0
      Geh:2 |    4960 |       0 |   0.0 |       6 |       0 |   0.0
      Geh:3 |   20092 |       0 |   0.0 |      15 |       0 |   0.0
      Geh:4 |    2403 |       0 |   0.0 |       3 |       0 |   0.0
      Geh:6 |   15265 |   28826 |  65.4 |      12 |       6 |  33.3
      Geh:7 |    9646 |   19880 |  67.3 |       7 |      22 |  75.9
      Tar:1 |   17529 |       0 |   0.0 |      20 |       0 |   0.0
      Tar:2 |       0 |   12383 | 100.0 |       0 |      15 | 100.0
      Tar:3 |   10161 |       0 |   0.0 |       8 |       0 |   0.0
      Tar:4 |   31244 |       0 |   0.0 |      21 |       0 |   0.0
      Tar:5 |    5244 |       0 |   0.0 |       5 |       0 |   0.0
      Tar:6 |   13277 |       0 |   0.0 |      10 |       0 |   0.0
      Tar:7 |   36208 |   52662 |  59.3 |      24 |      32 |  57.1
    Abyss:2 |    4960 |       0 |   0.0 |      16 |       0 |   0.0
    Abyss:3 |   22002 |       0 |   0.0 |      49 |       0 |   0.0
    Abyss:4 |  111241 |     224 |   0.2 |     205 |       7 |   3.3
    Abyss:5 |   87643 |   17039 |  16.3 |     146 |      16 |   9.9
      Zig:1 |    1221 |       0 |   0.0 |       1 |       0 |   0.0
      Zig:2 |    2609 |       0 |   0.0 |       3 |       0 |   0.0
      Zig:3 |    3481 |       0 |   0.0 |       4 |       0 |   0.0
      Zig:4 |    4467 |       0 |   0.0 |       4 |       0 |   0.0
      Zig:5 |    5610 |       0 |   0.0 |       7 |       0 |   0.0
      Zig:6 |   10163 |       0 |   0.0 |       6 |       0 |   0.0
      Zig:7 |   10305 |       0 |   0.0 |       7 |       0 |   0.0
      Zig:8 |   10013 |       0 |   0.0 |       9 |       0 |   0.0
      Zig:9 |   14029 |       0 |   0.0 |      11 |       0 |   0.0
     Zig:10 |   12195 |    2687 |  18.1 |      12 |       4 |  25.0
     Zig:11 |   17555 |       0 |   0.0 |      26 |       0 |   0.0
     Zig:12 |   15683 |       0 |   0.0 |      23 |       0 |   0.0
     Zig:13 |   19921 |       0 |   0.0 |      27 |       0 |   0.0
     Zig:14 |   24365 |       0 |   0.0 |      27 |       0 |   0.0
     Zig:15 |   40676 |       0 |   0.0 |      17 |       0 |   0.0
    Volcano |       0 |    3174 | 100.0 |       0 |      13 | 100.0
      Arena |    2093 |   15332 |  88.0 |       2 |       3 |  60.0
            +---------+---------+-------+---------+---------+-------

Illustrated notes

Table legend:
 A = Kills in this place as a percentage of kills in entire the game.
 B = Kills by you in this place as a percentage of kills by you in the entire game.
 C = Kills by friends in this place as a percentage of kills by friends in the entire game.
 D = Other kills in this place as a percentage of other kills in the entire game.
 E = Experience gained in this place as a percentage of experience gained in the entire game.
 F = Experience gained in this place divided by the number of levels of this place that you have seen.
                   A       B       C       D       E      F
               +-------+-------+-------+-------+-------+----------------------
         Total | 100.0 | 100.0 |   N/A | 100.0 | 100.0 | 20309.3
       Dungeon |  12.2 |  12.3 |   N/A |   0.0 |   3.1 | 4021.0
          Lair |   4.8 |   4.9 |   N/A |   0.0 |   2.3 | 8721.2
         Swamp |   5.0 |   5.0 |   N/A |  14.3 |   3.7 | 17711.5
     Snake Pit |   6.4 |   6.4 |   N/A |   7.1 |   5.1 | 24556.2
    Slime Pits |   4.9 |   4.9 |   N/A |   0.0 |   4.3 | 16749.2
  Orcish Mines |   3.5 |   3.5 |   N/A |   0.0 |   1.0 | 9287.0
   Elven Halls |   6.5 |   6.4 |   N/A |  35.7 |   6.9 | 44143.0
        Vaults |  16.2 |  16.3 |   N/A |   7.1 |  21.5 | 82938.0
        Depths |   6.7 |   6.7 |   N/A |   7.1 |   9.5 | 45835.8
          Hell |   3.8 |   3.8 |   N/A |   0.0 |   4.1 | 78246.0
       Gehenna |   2.7 |   2.7 |   N/A |   0.0 |   5.6 | 17995.2
      Tartarus |   4.7 |   4.7 |   N/A |   0.0 |   9.3 | 25529.7
         Abyss |  15.3 |  15.2 |   N/A |  21.4 |  12.6 | 27012.1
      Ziggurat |   6.5 |   6.5 |   N/A |   7.1 |  10.1 | 12998.7
       Volcano |   0.5 |   0.5 |   N/A |   0.0 |   0.2 | 3174.0
         Arena |   0.2 |   0.2 |   N/A |   0.0 |   0.9 | 3485.0
               +-------+-------+-------+-------+-------+----------------------

Table legend: (Time is in decaauts)
 A = Elapsed time spent in this place.
 B = Non-inter-level travel time spent in this place.
 C = Inter-level travel time spent in this place.
 D = Time resting spent in this place.
 E = Time spent auto-exploring this place.
 F = Levels seen in this place.
 G = Mean time per level.
                   A        B        C        D        E       F      G
               +--------+--------+--------+--------+--------+-----+--------+
         Total |  77597 |  70340 |   7257 |  13083 |  42055 |  95 |  816.8 |
       Dungeon |  17034 |  14181 |   2853 |    334 |  11636 |  15 | 1135.6 |
        Temple |    245 |    210 |     35 |      0 |    206 |   1 |  245.0 |
          Lair |   7642 |   6612 |   1030 |   1284 |   4287 |   5 | 1528.4 |
         Swamp |   4691 |   4597 |     94 |    775 |   2808 |   4 | 1172.8 |
     Snake Pit |   7232 |   6967 |    265 |    547 |   5103 |   4 | 1808.0 |
    Slime Pits |   3157 |   3116 |     41 |   1357 |   1082 |   5 |  631.4 |
  Orcish Mines |   3226 |   2574 |    652 |    721 |   1362 |   2 | 1613.0 |
   Elven Halls |   4521 |   4153 |    368 |    608 |   2200 |   3 | 1507.0 |
        Vaults |   8355 |   7523 |    832 |    321 |   5468 |   5 | 1671.0 |
         Crypt |      1 |      1 |      0 |      0 |      0 |   1 |    1.0 |
        Depths |   7562 |   6683 |    879 |   2214 |   3327 |   4 | 1890.5 |
          Hell |    882 |    839 |     43 |      0 |    518 |   1 |  882.0 |
       Gehenna |   2087 |   2087 |      0 |    650 |    736 |   6 |  347.8 |
      Tartarus |   4454 |   4292 |    162 |   1271 |   2362 |   7 |  636.3 |
         Abyss |   2255 |   2255 |      0 |    312 |    619 |   9 |  250.6 |
      Ziggurat |   2713 |   2713 |      0 |   1721 |    183 |  15 |  180.9 |
        Bazaar |    275 |    275 |      0 |      0 |    156 |   2 |  137.5 |
       Volcano |   1154 |   1154 |      0 |    941 |      0 |   1 | 1154.0 |
         Arena |    103 |    103 |      0 |     26 |      0 |   5 |   20.6 |
               +--------+--------+--------+--------+--------+-----+--------+

Top non-repeatable levels by time:
Depths:4: 2719 daAuts
  Lair:2: 2623 daAuts
 Snake:4: 2556 daAuts
Depths:3: 2285 daAuts
 Snake:3: 2262 daAuts
Vaults:5: 2052 daAuts
  Lair:5: 1967 daAuts
Vaults:4: 1863 daAuts
   Elf:1: 1793 daAuts
   Orc:2: 1751 daAuts
     D:5: 1726 daAuts
Vaults:1: 1675 daAuts
Vaults:3: 1573 daAuts
    D:11: 1559 daAuts
   Orc:1: 1475 daAuts
